 Dungeon Crawl Stone Soup version 0.30-a0-292-g0f741e3f8e (webtiles) character file.

Game seed: 4164915341618759515

869966 iguanaiguana the Cryomancer (level 27, -9/231 HPs)
             Began as an Armataur Reaver on Oct 12, 2022.
             Was the Champion of Vehumet.
             Killed from afar by a Killer Klown (27 damage)
             ... with a klown pie
             ... on level 17 of a ziggurat on Oct 17, 2022.
             The game lasted 07:58:14 (67578 turns).

iguanaiguana the Cryomancer (Armataur Reaver)      Turns: 67578, Time: 07:58:15

Health: -9/231     AC: 23    Str: 23    XL:     27
Magic:  64/64      EV: 10    Int: 34    God:    Vehumet [******]
Gold:   2494       SH:  8    Dex:  8    Spells: 0/62 levels left

rFire   + + +      SeeInvis .    a - staff of cold
rCold   + + .      Faith    .    Z - +3 buckler {AC+3}
rNeg    + . .      Spirit   .    c - +2 robe {Archmagi}
rPois   +          Reflect  .    k - +3 hat of Pondering {ponderous, Will+ MP+10 Int+5}
rElec   +          Harm     .    f - scarf {rC+ rF+}
rCorr   .          Roll     +    H - +2 pair of gloves
Will    +++++      Archmagi +    s - +4 barding "Lotayt" {MP+9 Dex+4 Slay+6}
Stlth   ++++......               T - amulet "Uraq" {RegenMP Fly rElec rPois Regen+}
HPRegen 1.38/turn                m - ring of the Endless Expanse {Drain rF+ rN+ Int+3}
MPRegen 0.79/turn                S - ring "Laobrir" {rF+ Will+++ Dex-3 Slay+5}

@: corroded, flying, slightly contaminated, studying 2 skills, unable to drink,
slow
A: large, rugged brown scales 3, deformed body, armoured tail, roll, long
tongue, awkward tongue, stinger 1, iridescent scales 1, strong 1, wild magic 1
}: 8/15 runes: serpentine, barnacled, slimy, silver, abyssal, magical, fiery,
dark
a: Renounce Religion


You were on level 17 of a ziggurat.
You worshipped Vehumet.
Vehumet was exalted by your worship.
You visited 11 branches of the dungeon, and saw 55 of its levels.
You visited Pandemonium 1 time, and saw 4 of its levels.
You visited the Abyss 1 time.
You visited 1 ziggurat, and saw 17 of its levels.
You also visited: Bailey, Gauntlet and Ice Cave.

You collected 10088 gold pieces.
You spent 7594 gold pieces at shops.

Inventory:

Missiles
 A - 11 curare-tipped darts
 M - 4 throwing nets
 V - 5 silver javelins
Armour
 c - a +2 robe of the Archmagi (worn)
 f - a scarf of resistance (worn)
 k - the +3 hat of Pondering (worn) {ponderous, Will+ MP+10 Int+5}
   (You found it on level 11 of a ziggurat)

   Int:       It affects your intelligence (+5).
   MP:        It affects your magic capacity (+10).
   Will:      It increases your willpower.
 s - the +4 barding "Lotayt" (worn) {MP+9 Dex+4 Slay+6}
   (You acquired it on level 3 of the Crypt)

   Dex:       It affects your dexterity (+4).
   Slay:      It affects your accuracy & damage with ranged weapons and melee
   (+6).
   MP:        It affects your magic capacity (+9).
 H - a +2 pair of gloves (worn)
 U - the +2 helmet "Johaw" {rC++ Regen+ MP-9}
   (You found it on level 5 of the Pits of Slime)

   rC:        It greatly protects you from cold.
   MP:        It affects your magic capacity (-9).
   Regen:     It increases your rate of health regeneration.
 Z - a +3 buckler of protection (worn)
Magical Staves
 a - a staff of cold (weapon)
 h - a staff of fire
Jewellery
 e - the ring of Cifre {rCorr Int+2 Dex+8}
   (You bought it in a shop on level 2 of the Elven Halls)

   [ring of resist corrosion]

   Int:       It affects your intelligence (+2).
   Dex:       It affects your dexterity (+8).
   rCorr:     It protects you from acid and corrosion.
 m - the ring of the Endless Expanse (left hand) {Drain rF+ rN+ Int+3}
   (You found it in Pandemonium)

   [ring of positive energy]

   Int:       It affects your intelligence (+3).
   rF:        It protects you from fire.
   rN:        It protects you from negative energy.
   Drain:     It drains your maximum health when unequipped.
 S - the ring "Laobrir" (right hand) {rF+ Will+++ Dex-3 Slay+5}
   (You took it off a spriggan berserker on level 2 of the Depths)

   [ring of protection from fire]

   Dex:       It affects your dexterity (-3).
   Slay:      It affects your accuracy & damage with ranged weapons and melee
   (+5).
   rF:        It protects you from fire.
   Will:      It greatly increases your willpower.
 T - the amulet "Uraq" (around neck) {RegenMP Fly rElec rPois Regen+}
   (You found it on level 1 of the Realm of Zot)

   [amulet of magic regeneration]

   It increases your rate of magic regeneration.
   rElec:     It insulates you from electricity.
   rPois:     It protects you from poison.
   Fly:       It grants you flight.
   Regen:     It increases your rate of health regeneration.
 W - the dreamshard necklace {*Dream Drain}
   (You found it on level 15 of a ziggurat)

   [amulet of nothing]

   It shatters if its wearer takes lethal or near-lethal damage, preventing the
   blow and releasing protective dreams that heal and fight for the wearer.
   Drain:     It drains your maximum health when unequipped.
Wands
 n - a wand of digging (10) {@v3}
 J - a wand of light (1)
 N - a wand of paralysis (21)
 O - a wand of iceblast (28) {@v2}
Scrolls
 d - 40 scrolls of teleportation {@r3}
 j - 14 scrolls of immolation
 l - 8 scrolls of magic mapping {@r5}
 p - 9 scrolls of vulnerability
 q - 6 scrolls of amnesia
 v - 8 scrolls of poison
 y - a scroll of enchant armour
 C - 19 scrolls of fog
 L - 11 scrolls of fear
 Q - 5 scrolls of blinking {@r4}
 X - 6 scrolls of silence
 Y - 2 scrolls of summoning
Potions
 b - a potion of resistance {@q5}
 g - 4 potions of cancellation
 i - 5 potions of ambrosia
 r - 21 potions of curing {@q1}
 u - 7 potions of invisibility
 w - 13 potions of lignification
 x - 7 potions of berserk rage
 B - 8 potions of attraction
 D - 6 potions of haste {@q4}
 E - 10 potions of might {@q3}
 F - 6 potions of magic
 G - 11 potions of brilliance
 K - 9 potions of mutation
Miscellaneous
 o - a condenser vane
 t - a box of beasts
 I - a phantom mirror
 P - a phial of floods
 R - a tin of tremorstones (2/2)


   Skills:
 - Level 12.0 Fighting
 - Level 2.6 Maces & Flails
 - Level 7.0 Armour
 - Level 12.0 Dodging
 - Level 10.0 Stealth
 - Level 6.0 Shields
 - Level 18.0 Spellcasting
 + Level 18.8 Conjurations
 - Level 17.4 Necromancy
 - Level 6.0 Translocations
 - Level 19.4 Transmutations
 - Level 20.0 Fire Magic
 - Level 24.0 Ice Magic
 - Level 6.0 Air Magic
 - Level 6.0 Poison Magic
 - Level 8.0 Evocations


You couldn't memorise any spells.
You knew the following spells:

 Your Spells              Type           Power      Damage    Failure   Level
a - Ignition              Fire           72%        3d19      1%          8
b - Fire Storm            Conj/Fire      71%        8d18      16%         9
c - Polar Vortex          Ice            90%        N/A       3%          9
d - Irradiate             Conj/Tmut      71%        3d35      1%          5
f - Iskenderun's Mystic   Conj/Tloc      100%       2d19      1%          4
g - Orb of Destruction    Conj           71%        9d16      1%          7
h - Blink                 Tloc           100%       N/A       1%          2
i - Sublimation of Blood  Necr           100%       N/A       1%          2
j - Ozocubu's Armour      Ice            100%       N/A       1%          3
k - Necromutation         Tmut/Necr      70%        N/A       8%          8
l - Passage of Golubria   Tloc           96%        N/A       2%          4
m - Apportation           Tloc           100%       N/A       1%          1

Your spell library contained the following spells:

 Spells                   Type           Power      Damage    Failure   Level
 Chain Lightning          Conj/Air       61%        3d81      90%         9
 Shatter                  Erth           28%        3d23*     100%        9
 Beastly Appendage        Tmut           100%       N/A       1%          1
 Foxfire                  Conj/Fire      100%       2x1d9     1%          1
 Kiss of Death            Conj/Necr      100%       2d13      1%          1
 Magic Dart               Conj           100%       1d8       1%          1
 Necrotise                Necr           100%       1d9       1%          1
 Shock                    Conj/Air       100%       1d9       1%          1
 Sting                    Tmut/Pois      100%       1d8       1%          1
 Cigotuvi's Dreadful Rot  Necr/Pois/Air  100%       N/A       1%          2
 Ensorcelled Hibernation  Hex/Ice        100%       N/A       1%          2
 Momentum Strike          Conj/Tloc      100%       3d10      1%          2
 Passwall                 Tmut/Erth      93%        N/A       1%          2
 Poisonous Vapours        Pois/Air       100%       N/A       1%          2
 Static Discharge         Conj/Air       100%       2-7/arc   1%          2
 Wereblood                Tmut           100%       N/A       1%          2
 Dazzling Flash           Conj/Hex       100%       N/A       1%          3
 Frozen Ramparts          Ice            100%       1d16      1%          3
 Gell's Gravitas          Tloc           96%        N/A       1%          3
 Hailstorm                Conj/Ice       100%       3d20      1%          3
 Ignite Poison            Fire/Tmut/Pois 100%       N/A       1%          3
 Inner Flame              Hex/Fire       100%       N/A       1%          3
 Kindle Blastsparks       Fire/Tloc/Air  100%       2d18      1%          3
 Lesser Beckoning         Tloc           100%       N/A       1%          3
 Mephitic Cloud           Conj/Pois/Air  100%       N/A       1%          3
 Spider Form              Tmut/Pois      100%       N/A       1%          3
 Swiftness                Air            96%        N/A       1%          3
 Teleport Other           Tloc           96%        N/A       1%          3
 Vampiric Draining        Necr           100%       2d13      1%          3
 Vhi's Electric Charge    Tloc/Air       100%       N/A       1%          3
 Airstrike                Air            48%        2d(7-23)  1%          4
 Anguish                  Hex/Necr       54%        N/A       1%          4
 Animate Dead             Necr           100%       N/A       1%          4
 Dispel Undead            Necr           100%       3d31      1%          4
 Flame Wave               Conj/Fire      100%       2d21      1%          4
 Ice Form                 Ice/Tmut       100%       N/A       1%          4
 Olgreb's Toxic Radiance  Pois           96%        N/A       1%          4
 Petrify                  Tmut/Erth      100%       N/A       1%          4
 Sticky Flame             Conj/Fire      100%       2d11      1%          4
 Summon Ice Beast         Ice/Summ       100%       N/A       1%          4
 Agony                    Necr           100%       N/A       1%          5
 Alistair's Intoxication  Tmut/Pois      82%        N/A       1%          5
 Arcjolt                  Conj/Air       61%        1d71      1%          5
 Blade Hands              Tmut           71%        N/A       1%          5
 Fireball                 Conj/Fire      71%        3d27      1%          5
 Freezing Cloud           Conj/Ice/Air   80%        6-21      1%          5
 Iskenderun's Battlesphe  Conj           100%       2d15      1%          5
 Lightning Bolt           Conj/Air       61%        1d84      1%          5
 Metabolic Englaciation   Hex/Ice        72%        N/A       1%          5
 Yara's Violent Unravell  Hex/Tmut       56%        3d21      1%          5
 Conjure Ball Lightning   Conj/Air       61%        3x3d22    1%          6
 Death Channel            Necr           69%        N/A       1%          6
 Iron Shot                Conj/Erth      55%        9d10      1%          6
 Simulacrum               Ice/Necr       86%        N/A       1%          6
 Starburst                Conj/Fire      71%        6d18      1%          6
 Dragon Form              Tmut           71%        N/A       1%          7
 Ozocubu's Refrigeration  Ice            90%        4d27      1%          7
 Portal Projectile        Hex/Tloc       100%       N/A       2%          3
 Manifold Assault         Tloc           96%        N/A       2%          4
 Borgnjor's Vile Clutch   Necr/Erth      54%        N/A       2%          5
 Call Imp                 Summ           56%        N/A       3%          2
 Call Canine Familiar     Summ           56%        N/A       7%          3
 Tukima's Dance           Hex            56%        N/A       7%          3
 Summon Lightning Spire   Summ/Air       78%        N/A       7%          4
 Statue Form              Tmut/Erth      74%        N/A       7%          6
 Spellforged Servitor     Conj/Summ      55%        N/A       9%          7
 Storm Form               Tmut/Air       61%        N/A       10%         7
 Borgnjor's Revivificati  Necr           69%        N/A       11%         8
 Infestation              Necr           69%        N/A       11%         8
 Lee's Rapid Deconstruct  Erth           28%        3d15*     13%         5
 Silence                  Hex/Air        39%        N/A       16%         5
 Summon Forest            Summ/Tloc      39%        N/A       16%         5
 Cause Fear               Hex            28%        N/A       21%         4
 Leda's Liquefaction      Hex/Erth       28%        N/A       21%         4
 Dispersal                Tloc           48%        N/A       26%         6
 Haunt                    Necr/Summ      54%        N/A       41%         7
 Summon Mana Viper        Hex/Summ       56%        N/A       45%         5
 Death's Door             Necr           69%        N/A       80%         9
 Maxwell's Capacitive Co  Air            48%        ∞         88%         8
 Summon Cactus Giant      Summ           28%        N/A       95%         6
 Malign Gateway           Summ/Tloc      39%        N/A       99%         7
 Enfeeble                 Hex            28%        N/A       100%        7
 Monstrous Menagerie      Summ           28%        N/A       100%        7
 Summon Hydra             Summ           28%        N/A       100%        7
 Disjunction              Tloc           48%        N/A       100%        8
 Summon Horrible Things   Summ           28%        N/A       100%        8
 Dragon's Call            Summ           28%        N/A       100%        9


Dungeon Overview and Level Annotations

Branches:
Dungeon (15/15) Zot: 24534  Temple (0/1) D:5            Lair (5/5) D:9 Zot: 24206
 Shoals (4/4) Lair:3 Zot: 19976   Snake (4/4) Lair:2 Zot: 19418   Slime (5/5) Lair:4 Zot: 26316
    Orc (2/2) D:9 Zot: 8739     Elf (3/3) Orc:2 Zot: 13739  Vaults (5/5) D:14 Zot: 21003
  Crypt (3/3) Vaults:2 Zot: 15454    Tomb (0/3) Crypt:3      Depths (4/4) D:15 Zot: 17549
    Zot (5/5) Depths:4 Zot: 24719  Bailey (visited)           IceCv (visited)
Gauntlet (visited)

Altars:
Ashenzari
Cheibriados
Elyvilon
Fedhas
Gozag
Makhleb
Qazlal
Trog
Uskayaw
Vehumet
Wu Jian
Xom
Yredelemnul
Zin
The Shining One

Shops:
D:7 =   Orc:2 :(!=[   Elf:1 (   Elf:2 ==:   Elf:3 =   Snake:2 (   Snake:3 [::
Vaults:2 !   Vaults:5 [?*=   Zot:4 *   Depths:1 **

Portals:
Hell: Depths:1 Depths:2 Depths:3 Depths:4
Abyss: Depths:3
Pandemonium: Depths:2
Trove: D:10 (give +2 shadow dragon scales)

Annotations:
D:5 3 runed translucent doors, ytrimaz's ghost, novice DjGl
Lair:1 exclusion: downstairs
Lair:4 exclusion: downstairs
Snake:4 1 exclusion
Orc:2 3 runed translucent doors, exclusion: 3 doors, brightshaft's ghost, journeyman AtBe
Depths:3 6 runed translucent doors


Innate Abilities, Weirdness & Mutations

You are completely covered in rugged brown scales. (AC +3, +7% HP)
Armour fits poorly on your strangely shaped body.
You have a long armoured tail.
You roll when moving toward enemies. (Rampage)
Your long tongue fully drains potion bottles. (2x potion effects)
Your tongue gives you trouble enunciating. (1.5x scroll delay)
Your tail ends in a venomous barb.
You are partially covered in iridescent scales. (AC +2)
Your muscles are strong. (Str +4, Int/Dex -1)
Your spells are a little harder to cast, but a little more powerful.


Message History

You are no longer poisoned.
Henedaub headbutts you!!
* * * LOW HITPOINT WARNING * * *
You feel your attacks grow feeble. Udeohahabe hits you!
* * * LOW HITPOINT WARNING * * *
Udeohahabe corrodes you!
The iron troll is engulfed in mutagenic fog.
The iron troll bites you!
* * * LOW HITPOINT WARNING * * *
The apocalypse crab is engulfed in mutagenic fog.
Hoipn gestures.
Hoipn blinks!
Okay, then.
You cannot cast spells when silenced!
You cannot cast spells when silenced!
You cannot cast spells when silenced!
Magic scrolls do not work when you're silenced!
Unknown command.
You slurp down every last drop of the 5 potions of cancellation!
Your magical effects are unravelling.
You feel magically purged.
You are engulfed in mutagenic fog.
The mutagenic energy flows into you.
You are lightly contaminated with residual magic.
You feel yourself slow down.
Your hearing returns.
Your attacks no longer feel as feeble.
You are no longer corroded.
The world stops spinning.
Henedaub headbutts you!!
* * * LOW HITPOINT WARNING * * *
Xiejiqad is engulfed in mutagenic fog.
Udeohahabe hits you.
* * * LOW HITPOINT WARNING * * *
Udeohahabe corrodes you!
Blink to where?
Press: ? - help, Dir - move target As you slowly read the scroll of blinking {@r4}, it crumbles to dust.
Hoipn gestures.
The apocalypse crab is engulfed in mutagenic fog.
The Killer Klown pies you viciously! The klown pie hits you!!
Lemon!
You feel unable to drink.
You die...

▓▓.......&p.)..§§§.▓▓
▓▓.p.............&&T&▓
▓▓...)............p§§§&▓
▓▓..○......†.......4&§§)∩▓
▓.∩.....)........p.§t§)|>)▓
▓▓...................}?!∩▓▓
▓▓..................:)|▓▓
▓▓..................$▓▓
▓▓..........@......▓▓
▓▓...............▓▓
▓▓.............▓▓
▓▓...........▓▓
▓▓▓▓▓▓▓▓▓▓▓▓


You could see Henedaub (fast, clouds), Hoipn, Mathrunt, Udeohahabe, 2 Killer
Klowns, an iron troll, an orange demon (summoned) and an apocalypse crab.

Vanquished Creatures
  Cerebov (Pan)
  Gloorx Vloq (Pan)
  the Royal Jelly (Slime:5)
  5 dread liches
  11 orbs of fire
  3 ancient liches
  The ghost of logorrheac the Omniscient, a legendary GnWn of Ashenzari (Zot:1)
  2 juggernauts (Zig:11)
  Boris (Vaults:5)
  Vv (Depths:3)
  11 Killer Klowns
  Parghit (Depths:1)
  A shard shrike (Zig:14)
  Frederick (Vaults:2)
  Xtahua (Vaults:1)
  19 golden dragons
  5 curse toes
  3 caustic shrikes (Depths:2)
  Nikola (Elf:1)
  2 Tzitzimimeh
  2 bone dragons
  2 Brimstone Fiends (Pan)
  2 electric golems (Zot:5)
  13 tentacled monstrosities
  7 Ice Fiends
  Jorgrun (Shoals:1)
  A walking earthen tome (Depths:2)
  2 Hell Sentinels (Pan)
  9 pandemonium lords
  10 liches
  25 Orb Guardians (Zot:5)
  A walking divine tome (Depths:2)
  Asterion (Snake:3)
  2 deep elf blademasters
  5 titans (Vaults:5)
  3 sphinxes (shapeshifter)
  3 quicksilver dragons
  17 acid blobs
  4 deep elf master archers
  A kraken (Shoals:4)
  7 sphinxes
  8 Executioners (Pan)
  4 ancient champions
  9 death cobs
  A tentacled starspawn (Abyss:3)
  Agnes (Elf:1)
  Frances (Snake:2)
  A thorn hunter (Zig:7)
  16 shadow dragons
  15 tengu reavers
  10 storm dragons
  10 draconian monks
  14 rockslimes
  Donald (Shoals:2)
  15 fire giants
  An azure jelly (shapeshifter) (Zig:17)
  4 narguns (Zig:14)
  3 iron dragons
  11 draconian knights
  13 azure jellies
  17 deep elf sorcerers
  8 nagarajas
  A fenstrider witch (shapeshifter) (Zig:16)
  13 frost giants
  5 curse skulls
  6 draconian scorchers
  A juggernaut zombie (Depths:3)
  Louise (Shoals:4)
  18 vault wardens
  11 balrugs
  3 cacodemons
  4 deep elf elementalists (Elf:3)
  8 ghouls
  A ghost moth (Zot:4)
  7 draconian shifters
  15 draconian annihilators
  9 draconian stormcallers
  A demonspawn corrupter (Zig:8)
  A spriggan defender (Depths:2)
  4 war gargoyles (Crypt:3)
  4 orc warlords (Zig:11)
  13 quicksilver oozes
  23 stone giants
  26 very ugly things
  2 demonspawn blood saints
  14 green draconians
  A stone giant (shapeshifter) (Zig:16)
  16 ironbound preservers
  8 deep elf demonologists
  4 reapers
  20 red draconians
  19 black draconians
  6 ironbound thunderhulks
  3 lorocyprocas
  12 yellow draconians
  7 vampire knights
  11 deep elf annihilators
  2 demonspawn black suns
  3 dire elephants (Vaults:2)
  A minotaur (Gauntlet)
  A dire elephant (shapeshifter) (Zig:16)
  14 white draconians
  9 purple draconians
  2 wendigos (Zig:14)
  3 spark wasps (Depths:3)
  3 eidola
  3 crystal guardians (Crypt:3)
  4 blizzard demons
  11 merfolk javelineers
  8 green deaths (Pan)
  15 yaktaur captains
  9 merfolk impalers
  A shambling mangrove (Zig:7)
  4 deep elf high priests
  5 deep elf death magi
  17 fire dragons
  A spriggan zombie (Crypt:3)
  11 ettins
  11 great orbs of eyes
  5 merfolk avatars
  8 spriggan air magi
  Erolcha (D:13)
  A spectral tengu (Depths:3)
  3 anacondas
  4 ogre magi
  A peacekeeper (Vaults:2)
  11 ice dragons
  4 boulder beetles
  7 hydras
  36 vault guards
  An Orb Guardian zombie (Crypt:2)
  An anaconda (shapeshifter) (Depths:4)
  A ghost crab (Zig:7)
  A salamander tyrant (Snake:4)
  The ghost of crescentfresh the Fighter, a journeyman TeCj of Ashenzari (D:12)
  9 centaur warriors
  12 ironbound frosthearts
  5 rakshasas
  11 merfolk aquamancers
  39 dancing weapons
  4 alligators
  2 deep troll shamans
  12 two-headed ogres
  4 alligator snapping turtles (Shoals:4)
  7 naga warriors
  11 deep troll earth magi
  6 orc high priests
  4 satyrs (Zig:10)
  6 spriggan berserkers
  A vampire mage (Crypt:1)
  12 shock serpents
  A storm dragon zombie (Depths:2)
  3 tengu warriors
  A titan zombie (Crypt:3)
  7 spriggans
  8 naga sharpshooters
  A wretched star (Gauntlet)
  23 hell knights
  5 soul eaters (Pan)
  17 deep elf knights
  A titan skeleton (Crypt:3)
  A sixfirhy (Pan)
  17 sun demons (Pan)
  3 fire crabs
  3 salamander mystics (Zig:15)
  8 shadow wraiths
  30 skeletal warriors
  2 deep trolls (shapeshifter)
  A death drake (Zig:7)
  7 iron trolls
  15 sea snakes
  10 glowing orange brains
  35 deep trolls
  A naga ritualist (Snake:1)
  A glowing orange brain (shapeshifter) (Vaults:5)
  A swamp dragon (Lair:5)
  An orange crystal statue (Zig:14)
  4 flayed ghosts
  10 phantasmal warriors
  A kraken simulacrum (Shoals:4)
  A shadow demon (Zig:17)
  2 bog bodies
  A golden dragon skeleton (Crypt:1)
  16 ironbound convokers
  14 orc knights
  4 lindwurms
  2 obsidian statues
  15 deep elf archers
  28 harpies
  25 deep elf zephyrmancers
  19 necromancers
  A harpy (shapeshifter) (Vaults:5)
  34 deep elf pyromancers
  6 shining eyes
  A jorogumo zombie (Crypt:2)
  A fire giant zombie (Vaults:4)
  An iron dragon zombie (Depths:3)
  41 ugly things
  6 mana vipers
  12 wizards
  A cyclops (shapeshifter) (Vaults:5)
  A tengu skeleton (Depths:2)
  A frost giant zombie (Depths:3)
  3 orc sorcerers
  2 wolf spiders (Lair:5)
  18 manticores
  An oklob plant (Lair:4)
  A faun (shapeshifter) (Zig:16)
  A goliath frog skeleton (Crypt:1)
  18 vault sentinels
  11 cyclopes
  25 black mambas
  2 naga zombies (Crypt:3)
  2 manticores (shapeshifter)
  9 salamanders
  9 fauns
  30 moths of wrath
  A centaur zombie (Crypt:3)
  An iron dragon skeleton (Crypt:1)
  17 naga magi
  4 ice statues
  4 water nymphs
  An elephant (Lair:1)
  6 eyes of devastation
  A fire giant skeleton (Depths:2)
  14 guardian serpents
  15 merfolk sirens
  4 apocalypse crabs
  3 torpor snails
  10 smoke demons (Pan)
  A black draconian zombie (Crypt:2)
  2 orange demons (Pan)
  2 minotaur zombies
  A dire elephant skeleton (Crypt:3)
  14 cane toads
  5 efreet
  9 ice devils
  A hellion (Zig:14)
  A kobold demonologist (D:12)
  3 unseen horrors (D:12)
  4 rime drakes
  A naga skeleton (Pan)
  A purple draconian zombie (Crypt:2)
  An iron troll zombie (Crypt:2)
  33 yaktaurs
  4 freezing wraiths
  9 demonic crawlers
  7 komodo dragons
  5 hellwings (Pan)
  A harpy zombie (Crypt:3)
  A purple draconian skeleton (Crypt:1)
  A yaktaur skeleton (Vaults:4)
  A mana viper zombie (Crypt:1)
  7 trolls
  A hydra zombie (Crypt:3)
  40 merfolk
  A merfolk (shapeshifter) (Vaults:5)
  A sea snake skeleton (Crypt:1)
  2 sphinx simulacra
  16 hornets
  An iron troll skeleton (Crypt:2)
  A hornet (shapeshifter) (D:14)
  2 tengu simulacra
  2 meliai (shapeshifter)
  9 wind drakes
  A hydra skeleton (Pan)
  A raiju (shapeshifter) (Gauntlet)
  9 blink frogs
  A fire dragon zombie (Crypt:3)
  18 snapping turtles
  2 starcursed masses (Abyss:3)
  67 slime creatures
  4 dream sheep (Shoals:1)
  34 flying skulls (Crypt:3)
  3 air elementals
  A shadow (D:11)
  19 water elementals
  2 small abominations (Gauntlet)
  6 wraiths
  An elf simulacrum (Vaults:4)
  A dire elephant simulacrum (IceCv)
  3 fire elementals
  6 wyverns
  6 ynoxinuls (Pan)
  Eustachio (D:4)
  68 yaks
  4 fire bats (Abyss:5)
  9 chaos spawn
  16 basilisks
  10 golden eyes (Slime:3)
  3 redbacks (Lair:5)
  5 steam dragons
  A redback (shapeshifter) (Vaults:5)
  3 wargs
  2 death yak simulacra (IceCv)
  3 neqoxecs
  16 vampire mosquitoes
  A swamp worm (shapeshifter) (Gauntlet)
  3 hydra simulacra (IceCv)
  6 acid dragons
  23 nagas
  2 hell hounds (Zig:12)
  3 large abominations (Abyss:3)
  A floating eye (shapeshifter) (Vaults:5)
  23 water moccasins
  45 orc warriors
  A swamp drake (Lair:5)
  2 ice beasts
  A human zombie (Vaults:4)
  2 black bears
  A snapping turtle skeleton (Crypt:1)
  9 ogres
  27 wolves
  6 centaurs
  A lemure (D:6)
  A phantom (D:5)
  13 bullfrogs
  A kobold brigand (D:9)
  5 necrophages
  A vine stalker zombie (Crypt:1)
  4 scorpions
  4 earth elementals
  2 cane toad simulacra (IceCv)
  4 two-headed ogre simulacra (IceCv)
  4 wights (D:7)
  A shapeshifter zombie (Crypt:2)
  6 killer bees
  An elephant simulacrum (IceCv)
  A polar bear skeleton (Crypt:2)
  10 electric eels
  8 spriggan skeletons
  A troll skeleton (D:10)
  4 howler monkeys
  A jelly (D:6)
  6 hounds
  3 gnoll boudas
  2 human simulacra
  22 orc priests
  6 iguanas
  20 orc wizards
  2 troll simulacra (IceCv)
  A spriggan simulacrum (IceCv)
  2 adders
  23 gnolls
  2 naga simulacra (IceCv)
  A shadow imp (D:7)
  2 white imps (IceCv)
  3 ufetubi
  2 dart slugs
  79 orcs
  4 endoplasms
  2 giant cockroaches (D:3)
  5 goblins
  2 hobgoblins
  4 jackals (D:1)
  3 quokkas
  8 ball pythons
  5 bats (D:1)
  A frilled lizard (D:2)
  8 kobolds
  3 rats
  7 briar patches (Zig:7)
  5 bushes (Shoals:2)
  18 fire vortices
  2 starspawn tentacles (Abyss:3)
2683 creatures vanquished.

Vanquished Creatures (collateral kills)
  A dread lich (Zot:5)
  A pandemonium lord (Zig:16)
  A black draconian (Zot:5)
  A two-headed ogre (shapeshifter) (Zig:16)
4 creatures vanquished.

Vanquished Creatures (others)
  A draconian shifter (Zot:2)
  A very ugly thing (Zig:5)
  A green death (Pan)
  A hydra (Lair:3)
  A deep elf knight (Elf:2)
  A sea snake (shapeshifter) (Zig:5)
  Pikel (D:6)
  2 wizards
  A salamander (shapeshifter) (Gauntlet)
  A cane toad (Lair:1)
  2 apocalypse crabs (Zig:5)
  A titan simulacrum (Zig:14)
  A yak (D:9)
  3 water moccasins
  A black bear (D:5)
  An ice beast (D:6)
  2 ogres (D:6)
  2 orc priests
  An orc wizard (D:7)
  An iguana (D:5)
  3 gnolls (D:6)
  An adder (D:5)
  2 white imps (D:5)
  2 orcs
  3 ball lightnings (Pan)
  A bush (Lair:5)
  4 fire vortices
  32 fungi
  265 plants
  8 tentacles (Shoals:4)
347 creatures vanquished.

Grand Total: 3034 creatures vanquished

Notes
Turn   | Place    | Note
-------+----------+-------------------------------------------
     0 | D:1      | iguanaiguana the Armataur Reaver began the quest for the
                  | Orb.
     0 | D:1      | Reached XP level 1. HP: 18/18 MP: 3/3
   128 | D:1      | Reached skill level 1 in Necromancy
   189 | D:1      | Reached XP level 2. HP: 10/18 MP: 1/4
   803 | D:1      | Learned a level 2 spell: Momentum Strike
  1313 | D:2      | Reached XP level 3. HP: 25/27 MP: 5/5
  1342 | D:2      | Reached skill level 1 in Transmutations
  1896 | D:3      | Found a radiant altar of Vehumet.
  1907 | D:3      | Became a worshipper of Vehumet
  1999 | D:3      | You fall into a shaft and drop 3 floors!
  2040 | D:6      | Reached skill level 1 in Evocations
  2146 | D:6      | Reached XP level 4. HP: 34/35 MP: 6/6
  2205 | D:6      | Found a glowing silver altar of Zin.
  2461 | D:6      | Reached skill level 1 in Translocations
  2555 | D:6      | Noticed a scorpion
  2691 | D:6      | Noticed an ice beast
  2705 | D:6      | Killed a scorpion
  2706 | D:6      | Reached XP level 5. HP: 43/43 MP: 7/7
  2709 | D:6      | Killed an ice beast
  2813 | D:6      | Noticed an ice beast
  2815 | D:6      | Killed an ice beast
  2816 | D:6      | Reached XP level 6. HP: 46/50 MP: 9/9
  2827 | D:6      | Noticed Pikel
  2831 | D:6      | Killed Pikel
  2832 | D:6      | Reached XP level 7. HP: 57/58 MP: 10/10
  2861 | D:5      | Entered Level 5 of the Dungeon
  2932 | D:4      | Noticed Eustachio
  2943 | D:4      | Killed Eustachio
  3380 | D:3      | Found a broken altar of Ashenzari.
  3384 | D:3      | Saw a vision of the Shoals and the Snake Pit.
  3384 | D:3      | Noticed a sea snake
  3384 | D:3      | Noticed a water nymph
  3384 | D:3      | Noticed a wind drake
  3384 | D:3      | Noticed a wind drake
  3384 | D:3      | Noticed a black mamba
  3384 | D:3      | Noticed a shock serpent
  3384 | D:3      | Noticed a harpy
  3384 | D:3      | Noticed a black mamba
  3384 | D:3      | Noticed a cyclops
  3385 | D:3      | Noticed a salamander
  3385 | D:3      | Noticed a snapping turtle
  3385 | D:3      | Noticed a snapping turtle
  3386 | D:3      | Noticed a water elemental
  3387 | D:3      | Noticed a naga sharpshooter
  3387 | D:3      | Noticed an anaconda
  3387 | D:3      | Noticed a mana viper
  3528 | D:3      | Reached * piety under Vehumet
  3528 | D:3      | Offered knowledge of Shock by Vehumet.
  3531 | D:3      | Learned a level 1 spell: Shock
  3955 | D:4      | Found a blossoming altar of Fedhas.
  4329 | D:5      | Noticed ytrimaz's ghost (novice DjGl)
  4343 | D:5      | Found a runed translucent gate.
  4343 | D:5      | Found a runed translucent gate.
  4343 | D:5      | Found a runed translucent gate.
  4352 | D:5      | Found a bloodstained altar of Trog.
  4375 | D:5      | Reached skill level 1 in Air Magic
  4375 | D:5      | Reached skill level 1 in Poison Magic
  4596 | D:5      | Reached XP level 8. HP: 50/66 MP: 3/11
  4599 | D:5      | Learned a level 2 spell: Poisonous Vapours
  5025 | D:5      | Found a staircase to the Ecumenical Temple.
  5318 | D:6      | Found an opulent altar of Gozag.
  6073 | D:7      | Learned a level 3 spell: Mephitic Cloud
  6717 | D:7      | Found a hide-covered altar of Uskayaw.
  6886 | D:7      | Learned a level 2 spell: Blink
  7135 | D:7      | Reached skill level 5 in Air Magic
  7135 | D:7      | Reached skill level 5 in Poison Magic
  7135 | D:7      | Reached XP level 9. HP: 57/74 MP: 12/12
  7298 | D:7      | Found Yjion's Jewellery Shoppe.
  7810 | D:8      | Found an ornate altar of the Wu Jian Council.
  7823 | D:8      | Found a flagged portal.
  7879 | Bailey   | Entered a bailey
  8280 | Bailey   | Reached ** piety under Vehumet
  8280 | Bailey   | Offered knowledge of Scorch by Vehumet.
  8790 | D:7      | Reached skill level 5 in Conjurations
  9156 | D:7      | Reached XP level 10. HP: 51/84 MP: 6/16
  9564 | D:8      | Reached skill level 5 in Fighting
  9670 | D:7      | Bought the ring of Ekoe {Contam Will+ AC+4 SInv Stlth+} for
                  | 500 gold pieces
  9791 | D:8      | Noticed a two-headed ogre
  9818 | D:8      | Killed a two-headed ogre
 10293 | D:9      | Noticed a two-headed ogre
 10336 | D:9      | Killed a two-headed ogre
 10522 | D:9      | Found a staircase to the Orcish Mines.
 10538 | D:9      | Found a staircase to the Lair.
 10905 | D:9      | Found a burning altar of Makhleb.
 10965 | D:9      | Offered knowledge of Ignite Poison by Vehumet.
 10970 | D:9      | Learned a level 3 spell: Ignite Poison
 11383 | D:9      | Reached skill level 1 in Fire Magic
 11494 | D:9      | Found a glowing golden altar of the Shining One.
 11597 | Orc:1    | Entered Level 1 of the Orcish Mines
 11850 | Orc:1    | Reached *** piety under Vehumet
 11962 | Orc:2    | Entered Level 2 of the Orcish Mines
 12144 | D:7      | Bought an amulet of regeneration for 300 gold pieces
 12290 | Orc:2    | Noticed an orc knight
 12297 | Orc:2    | Killed an orc knight
 12298 | Orc:2    | Reached XP level 11. HP: 100/100 MP: 10/17
 12514 | Orc:2    | Found a runed translucent gate.
 12514 | Orc:2    | Found a runed translucent gate.
 12514 | Orc:2    | Found a runed translucent gate.
 12518 | Orc:2    | Noticed a minotaur
 12522 | Orc:2    | Noticed brightshaft's ghost (journeyman AtBe)
 12610 | Orc:2    | Reached skill level 5 in Transmutations
 12664 | Orc:2    | Offered knowledge of Iskenderun's Mystic Blast by Vehumet.
 12674 | Orc:2    | Learned a level 4 spell: Iskenderun's Mystic Blast
 12747 | Orc:2    | Noticed an orc sorcerer
 12753 | Orc:2    | Killed an orc sorcerer
 12867 | Orc:2    | Found Opnuogiw's Armour Emporium.
 13138 | Orc:2    | Found a staircase to the Elven Halls.
 13218 | Orc:2    | Reached **** piety under Vehumet
 13304 | Orc:2    | Offered knowledge of Kindle Blastsparks by Vehumet.
 13305 | Orc:2    | Reached skill level 5 in Spellcasting
 13305 | Orc:2    | Upgraded the game from 0.30-a0-250-g41c1d76940 to
                  | 0.30-a0-263-ge22c4ad894
 13411 | Orc:2    | Noticed an orc knight
 13416 | Orc:2    | Killed an orc knight
 13453 | Orc:2    | Noticed an orc knight
 13460 | Orc:2    | Killed an orc knight
 13478 | Orc:2    | Learned a level 3 spell: Kindle Blastsparks
 13620 | Orc:2    | Noticed an orc knight
 13635 | Orc:2    | Killed an orc knight
 13752 | Orc:2    | Noticed an orc knight
 13758 | Orc:2    | Noticed an orc high priest
 13761 | Orc:2    | Killed an orc knight
 13765 | Orc:2    | Killed an orc high priest
 13891 | Orc:2    | Reached ***** piety under Vehumet
 13932 | Orc:2    | Noticed an orc high priest
 13932 | Orc:2    | Noticed an orc high priest
 13934 | Orc:2    | Noticed an orc knight
 13935 | Orc:2    | Noticed an orc knight
 13936 | Orc:2    | Killed an orc high priest
 13936 | Orc:2    | Noticed an orc knight
 13938 | Orc:2    | Noticed a soul eater
 13970 | Orc:2    | Offered knowledge of Lee's Rapid Deconstruction by Vehumet.
 13970 | Orc:2    | Killed an orc high priest
 13990 | Orc:2    | Learned a level 2 spell: Sublimation of Blood
 14019 | Orc:2    | Killed an orc knight
 14020 | Orc:2    | Reached XP level 12. HP: 88/108 MP: 16/24
 14077 | Orc:2    | Noticed an orc high priest
 14080 | Orc:2    | Killed an orc high priest
 14081 | Orc:2    | Reached skill level 5 in Necromancy
 14110 | Orc:2    | Noticed an orc high priest
 14116 | Orc:2    | Killed an orc high priest
 14155 | Orc:2    | Found Xyzoabb's Antique Weapon Shoppe.
 14155 | Orc:2    | Found Toimuyhe's Book Shoppe.
 14156 | Orc:2    | Found Kurre's Jewellery Shoppe.
 14156 | Orc:2    | Found Poussu's Distillery.
 14170 | Orc:2    | Gained mutation: You have a pair of small horns on your
                  | head. [potion of mutation]
 14170 | Orc:2    | Gained mutation: You expend magic power (3 MP) to
                  | strengthen your wands. [potion of mutation]
 14170 | Orc:2    | Gained mutation: You have a pair of horns on your head.
                  | [potion of mutation]
 14170 | Orc:2    | Gained mutation: You possess an exceptional clarity of
                  | mind. [potion of mutation]
 14170 | Orc:2    | Gained mutation: You are frail. (-10% HP) [potion of
                  | mutation]
 14170 | Orc:2    | Gained mutation: Your movements are slightly less
                  | encumbered by armour. (ER -2) [potion of mutation]
 14171 | Orc:2    | Lost mutation: Your movements are slightly less encumbered
                  | by armour. (ER -2) [potion of mutation]
 14171 | Orc:2    | Lost mutation: You have a pair of horns on your head.
                  | [potion of mutation]
 14171 | Orc:2    | Lost mutation: You have a pair of small horns on your head.
                  | [potion of mutation]
 14171 | Orc:2    | Lost mutation: You are frail. (-10% HP) [potion of
                  | mutation]
 14171 | Orc:2    | Gained mutation: Your spells are a little harder to cast,
                  | but a little more powerful. [potion of mutation]
 14171 | Orc:2    | Gained mutation: You are frail. (-10% HP) [potion of
                  | mutation]
 14171 | Orc:2    | Gained mutation: You are agile. (Dex +4, Str/Int -1)
                  | [potion of mutation]
 14172 | Orc:2    | Lost mutation: You are frail. (-10% HP) [potion of
                  | mutation]
 14172 | Orc:2    | Lost mutation: You expend magic power (3 MP) to strengthen
                  | your wands. [potion of mutation]
 14172 | Orc:2    | Lost mutation: Your spells are a little harder to cast, but
                  | a little more powerful. [potion of mutation]
 14172 | Orc:2    | Lost mutation: You are agile. (Dex +4, Str/Int -1) [potion
                  | of mutation]
 14172 | Orc:2    | Lost mutation: You possess an exceptional clarity of mind.
                  | [potion of mutation]
 14172 | Orc:2    | Gained mutation: You have a pair of small horns on your
                  | head. [potion of mutation]
 14172 | Orc:2    | Gained mutation: Your spells are a little harder to cast,
                  | but a little more powerful. [potion of mutation]
 14172 | Orc:2    | Gained mutation: You are robust. (+10% HP) [potion of
                  | mutation]
 14172 | Orc:2    | Gained mutation: You have a pair of horns on your head.
                  | [potion of mutation]
 14172 | Orc:2    | Gained mutation: Your movements are slightly less
                  | encumbered by armour. (ER -2) [potion of mutation]
 14172 | Orc:2    | Gained mutation: You are agile. (Dex +4, Str/Int -1)
                  | [potion of mutation]
 14173 | Orc:2    | Bought a potion of mutation for 104 gold pieces
 14312 | Lair:1   | Entered Level 1 of the Lair of Beasts
 14388 | Lair:1   | Reached skill level 5 in Translocations
 14438 | Lair:1   | Got Veer's Codex of Excruciating Snow
 14671 | Lair:1   | Reached skill level 1 in Ice Magic
 14680 | Lair:1   | Reached skill level 2 in Ice Magic
 14692 | Lair:1   | Noticed an alligator
 14696 | Lair:1   | Killed an alligator
 14697 | Lair:1   | Reached skill level 3 in Ice Magic
 14793 | Lair:1   | Reached skill level 4 in Ice Magic
 14832 | Lair:1   | Noticed an alligator
 14837 | Lair:1   | Killed an alligator
 14838 | Lair:1   | Reached skill level 5 in Ice Magic
 14987 | Lair:1   | Reached skill level 6 in Ice Magic
 15358 | Lair:2   | Found a gate leading to a gauntlet.
 15383 | Gauntlet | Entered a Gauntlet
 15383 | Gauntlet | Found a runed translucent door.
 15383 | Gauntlet | Found a transporter.
 15383 | Gauntlet | Found a runed translucent door.
 15383 | Gauntlet | Found a transporter.
 15389 | Gauntlet | Found a transporter.
 15402 | Gauntlet | Found a transporter.
 15421 | Gauntlet | Found a transporter.
 15421 | Gauntlet | Found a transporter.
 15423 | Gauntlet | Found a transporter.
 15423 | Gauntlet | Found a transporter.
 15425 | Gauntlet | Found a transporter.
 15438 | Gauntlet | Found a transporter.
 15451 | Gauntlet | Found a transporter.
 15461 | Gauntlet | Found a transporter.
 15462 | Gauntlet | Noticed a catoblepas
 15476 | Gauntlet | Found a transporter.
 15496 | Gauntlet | Found a transporter.
 15497 | Gauntlet | Noticed a catoblepas
 15499 | Gauntlet | an eye of devastation changed into a ghost moth
 15499 | Gauntlet | Noticed a ghost moth (glowing shapeshifter)
 15592 | Gauntlet | Noticed an anaconda
 15593 | Gauntlet | Identified the +5 long sword "Eviscerator" {vamp, +Blink
                  | Will+ Str-5 Dex+8}
 15596 | Gauntlet | an anaconda changed into a wolf spider
 15680 | Gauntlet | Identified the ring of Pride {Fly Will+}
 15695 | Gauntlet | Identified the +0 helmet of Restlessness {Str+5}
 15786 | Gauntlet | Reached skill level 7 in Ice Magic
 15786 | Gauntlet | Reached XP level 13. HP: 125/125 MP: 9/25
 15807 | Gauntlet | Noticed a minotaur
 15812 | Gauntlet | Killed a minotaur
 15910 | Lair:2   | Reached skill level 8 in Ice Magic
 16103 | Lair:2   | Found a staircase to the Snake Pit.
 16213 | Lair:2   | Offered knowledge of Starburst by Vehumet.
 16214 | Lair:2   | Reached skill level 9 in Ice Magic
 17127 | Lair:3   | Found a staircase to the Shoals.
 17835 | Orc:2    | Bought a book of Ice for 506 gold pieces
 17841 | Orc:2    | Learned a level 5 spell: Freezing Cloud
 18862 | Lair:4   | Found a staircase to the Slime Pits.
 18865 | Lair:4   | Reached skill level 10 in Spellcasting
 18901 | Lair:5   | Entered Level 5 of the Lair of Beasts
 18988 | Lair:5   | Learned a level 5 spell: Irradiate
 19121 | Lair:5   | Reached XP level 14. HP: 118/134 MP: 10/28
 19174 | Lair:5   | Found a frozen archway.
 19200 | Lair:5   | Offered knowledge of Ozocubu's Refrigeration by Vehumet.
 19246 | IceCv    | Entered an ice cave
 19351 | IceCv    | Gained mutation: Your magical capacity is low. (-10% MP)
                  | [mutagenic glow]
 19734 | IceCv    | Noticed a reaper
 19763 | IceCv    | Killed a reaper
 19848 | IceCv    | Lost mutation: Your magical capacity is low. (-10% MP)
                  | [potion of mutation]
 19848 | IceCv    | Lost mutation: Your spells are a little harder to cast, but
                  | a little more powerful. [potion of mutation]
 19848 | IceCv    | Lost mutation: You have a pair of horns on your head.
                  | [potion of mutation]
 19848 | IceCv    | Lost mutation: You have a pair of small horns on your head.
                  | [potion of mutation]
 19848 | IceCv    | Lost mutation: Your movements are slightly less encumbered
                  | by armour. (ER -2) [potion of mutation]
 19848 | IceCv    | Lost mutation: You are robust. (+10% HP) [potion of
                  | mutation]
 19848 | IceCv    | Gained mutation: You have a pair of small horns on your
                  | head. [potion of mutation]
 19848 | IceCv    | Gained mutation: Your mind is acute. (Int +4, Str/Dex -1)
                  | [potion of mutation]
 19848 | IceCv    | Gained mutation: Your spells are a little harder to cast,
                  | but a little more powerful. [potion of mutation]
 19848 | IceCv    | Gained mutation: Your mind is very acute. (Int +8, Str/Dex
                  | -2) [potion of mutation]
 19915 | IceCv    | Found the +10 dark maul {vorpal}
 20246 | Lair:5   | Learned a level 7 spell: Ozocubu's Refrigeration
 20808 | Lair:5   | Identified the +0 plate armour of the Earth {Stlth+}
 20829 | Lair:5   | Reached skill level 10 in Ice Magic
 20859 | Lair:5   | Reached skill level 12 in Ice Magic
 20859 | Lair:5   | Reached XP level 15. HP: 129/129 MP: 30/30
 20859 | Lair:5   | Reached XP level 16. HP: 136/136 MP: 31/31
 21197 | D:10     | Entered Level 10 of the Dungeon
 21235 | D:10     | Offered knowledge of Fireball by Vehumet.
 21243 | D:10     | Found a shimmering altar of Xom.
 21246 | D:10     | Found a shimmering altar of Xom.
 21248 | D:10     | Found a shimmering altar of Xom.
 21248 | D:10     | Found a shimmering altar of Xom.
 21248 | D:10     | Found a shimmering altar of Xom.
 21257 | D:10     | Found a shimmering altar of Xom.
 21267 | D:10     | Found a portal to a secret trove of treasure.
 21378 | D:10     | Found a white marble altar of Elyvilon.
 22082 | D:11     | Reached skill level 13 in Ice Magic
 22265 | D:11     | Found a snail-covered altar of Cheibriados.
 22875 | D:12     | Found a runed translucent door.
 22875 | D:12     | Noticed crescentfresh's ghost (journeyman TeCj)
 22886 | D:12     | Killed crescentfresh's ghost
 23450 | D:13     | Found the +7 sceptre of Torment {pain, torment}
 23470 | D:13     | Noticed Erolcha
 23474 | D:13     | Killed Erolcha
 23477 | D:13     | Offered knowledge of Orb of Destruction by Vehumet.
 23557 | D:13     | Identified a scroll of acquirement
 23558 | D:13     | Acquired the +2 barding of Sandy Life {rN+ rCorr Int+2
                  | Dex-3}
 23571 | D:13     | Reached skill level 14 in Ice Magic
 24225 | D:14     | Reached XP level 17. HP: 137/143 MP: 24/32
 24634 | D:14     | Found a gate to the Vaults.
 24676 | D:15     | Entered Level 15 of the Dungeon
 24702 | D:15     | Learned a level 7 spell: Orb of Destruction
 24924 | D:15     | Reached skill level 10 in Conjurations
 25106 | D:15     | Reached ****** piety under Vehumet
 25122 | D:15     | Found a staircase to the Depths.
 25184 | D:15     | Found a stormy altar of Qazlal.
 25580 | Snake:1  | Entered Level 1 of the Snake Pit
 25608 | Snake:1  | Reached XP level 18. HP: 150/150 MP: 31/33
 25608 | Snake:1  | Reached XP level 19. HP: 157/157 MP: 31/34
 25700 | Snake:1  | Identified the +7 sling of Callousness {freeze, Int+3}
 25732 | Snake:1  | Reached skill level 1 in Stealth
 26177 | Snake:1  | Offered knowledge of Arcjolt by Vehumet.
 26815 | Snake:2  | Found Ticzic's Weapon Shop.
 26879 | Snake:2  | Reached skill level 1 in Armour
 27504 | Snake:2  | Noticed Frances
 27509 | Snake:2  | Killed Frances
 27641 | Snake:2  | Reached skill level 5 in Evocations
 27867 | Snake:3  | Reached skill level 5 in Stealth
 27913 | Snake:3  | Found Fusyeler's Armour Shoppe.
 27917 | Snake:3  | Found Pishit's Book Emporium.
 27919 | Snake:3  | Found Suloul's Book Shoppe.
 27927 | Snake:3  | Bought the Unrestrained Analects for 528 gold pieces
 28631 | Snake:3  | Noticed Asterion
 28646 | Snake:3  | Killed Asterion
 29038 | Snake:3  | Bought a +1 cloak of poison resistance for 256 gold pieces
 29430 | Snake:4  | Entered Level 4 of the Snake Pit
 29526 | Snake:4  | Learned a level 4 spell: Olgreb's Toxic Radiance
 29787 | Snake:4  | Offered knowledge of Lehudib's Crystal Spear by Vehumet.
 29964 | Snake:4  | Reached XP level 20. HP: 158/170 MP: 23/36
 29968 | Snake:4  | Got a serpentine rune of Zot
 30420 | Shoals:1 | Entered Level 1 of the Shoals
 30422 | Shoals:1 | Reached skill level 5 in Armour
 30444 | Shoals:1 | Noticed Jorgrun
 30452 | Shoals:1 | Killed Jorgrun
 31217 | Shoals:2 | Reached skill level 10 in Fighting
 31403 | Shoals:2 | Noticed Donald
 31405 | Shoals:2 | Killed Donald
 31582 | Shoals:2 | Identified the +1 animal skin of Quciok {MP+9 Dex+3}
 31757 | Shoals:3 | Offered knowledge of Fire Storm by Vehumet.
 31757 | Shoals:3 | Offered knowledge of Shatter by Vehumet.
 31757 | Shoals:3 | Offered knowledge of Chain Lightning by Vehumet.
 32057 | Shoals:3 | Reached skill level 5 in Dodging
 32258 | Shoals:4 | Entered Level 4 of the Shoals
 32386 | Shoals:4 | Noticed Louise
 32390 | Shoals:4 | Killed Louise
 32455 | Shoals:4 | Identified the ring "Jiphoog" {Will+ Str+6 Int+4 Dex+2}
 32780 | Shoals:4 | Reached skill level 10 in Stealth
 32796 | Shoals:4 | Got a barnacled rune of Zot
 32864 | Shoals:4 | Identified the +3 storm dragon scales of Life {rElec rCorr
                  | Str-4 Int+6 Stlth+}
 34392 | Elf:1    | Entered Level 1 of the Elven Halls
 34651 | Elf:1    | Noticed Agnes
 34653 | Elf:1    | Killed Agnes
 34790 | Elf:1    | Noticed Nikola
 34791 | Elf:1    | Paralysed by an air elemental for 1 turns
 34797 | Elf:1    | Killed Nikola
 34877 | Elf:1    | Found Rod Lex's Weapon Shop.
 34926 | Elf:1    | Paralysed by an air elemental for 1 turns
 34939 | Elf:1    | Reached skill level 15 in Ice Magic
 35573 | Elf:2    | Paralysed by an air elemental for 1 turns
 35606 | Elf:2    | Found a runed translucent gate.
 35624 | Elf:2    | Found a runed translucent gate.
 35624 | Elf:2    | Found a runed translucent gate.
 35648 | Elf:2    | Reached XP level 21. HP: 186/186 MP: 29/37
 35806 | Elf:2    | Reached skill level 16 in Ice Magic
 35889 | Elf:2    | Reached skill level 1 in Shields
 36330 | Elf:2    | Reached skill level 5 in Shields
 36576 | Elf:2    | Found Leuz's Book Shop.
 36576 | Elf:2    | Found Cuzew's Jewellery Shoppe.
 36576 | Elf:2    | Found Vyac's Jewellery Shoppe.
 36771 | Elf:3    | Entered Level 3 of the Elven Halls
 37080 | Elf:3    | Reached skill level 17 in Ice Magic
 37169 | Elf:3    | Found Fephimpe's Jewellery Shoppe.
 37656 | Elf:3    | Reached skill level 18 in Ice Magic
 37888 | Elf:3    | Identified the ring "Totigotz" {Will+ Dex+5}
 37926 | Elf:3    | Found the +5 scythe "Finisher" {speed, eviscerate}
 37946 | Elf:3    | Acquired 912 gold pieces
 37962 | Elf:3    | Got Sif Muna's Codex of the Fiery Nimbus
 37993 | Elf:3    | Identified the +3 leather armour of the Turtledove {rPois
                  | rF+ rC- Str+3}
 37994 | Elf:3    | Identified the +9 short sword "Bonuek" {vorpal, rF+}
 38012 | Elf:3    | Identified the +6 bardiche of Moral Flaws {protect, rPois}
 38197 | Elf:3    | Learned a level 9 spell: Polar Vortex
 38541 | Vaults:1 | Entered Level 1 of the Vaults
 38626 | Vaults:1 | Identified the +3 war axe of Chance {vorpal, rElec}
 39446 | Vaults:1 | Reached XP level 22. HP: 193/193 MP: 30/38
 39940 | Vaults:2 | Noticed Xtahua
 39946 | Vaults:1 | Killed Xtahua
 39951 | Vaults:1 | Learned a level 3 spell: Ozocubu's Armour
 39999 | Vaults:2 | Reached skill level 19 in Ice Magic
 40080 | Vaults:2 | Found a staircase to the Crypt.
 40543 | Vaults:2 | Found Jejanaw's Distillery.
 40743 | Vaults:2 | Noticed Frederick
 40746 | Vaults:2 | Killed Frederick
 40783 | Vaults:2 | Reached skill level 20 in Ice Magic
 40785 | Vaults:2 | Noticed a golden dragon
 40799 | Vaults:2 | Killed a golden dragon
 40857 | Vaults:2 | Identified the +1 plate armour of Magic {rN+}
 41838 | Vaults:3 | Reached skill level 21 in Ice Magic
 42276 | Vaults:4 | Upgraded the game from 0.30-a0-263-ge22c4ad894 to
                  | 0.30-a0-269-gf0224bf7b6
 42765 | Vaults:4 | Reached XP level 23. HP: 201/201 MP: 34/40
 43552 | Vaults:5 | Entered Level 5 of the Vaults
 43557 | Vaults:5 | Reached skill level 22 in Ice Magic
 43719 | Vaults:5 | Noticed an ancient lich
 43741 | Vaults:5 | Killed an ancient lich
 44051 | Vaults:5 | Noticed a dread lich
 44062 | Vaults:5 | Killed a dread lich
 44063 | Vaults:5 | Reached skill level 15 in Spellcasting
 44286 | Vaults:5 | Identified the +4 quarterstaff of Internal Strife {vorpal,
                  | rElec rF+++ Dex-2 Stlth+}
 44543 | Vaults:5 | Found Lehus's Jewellery Boutique.
 44702 | Vaults:5 | Found Icuoty's General Store.
 44892 | Vaults:5 | Noticed Boris
 44905 | Vaults:5 | Killed Boris
 45138 | Vaults:5 | Identified the +8 great sword of Mielos {vorpal, rN+
                  | Stlth+}
 45196 | Vaults:5 | Noticed an ancient lich
 45202 | Vaults:5 | Killed an ancient lich
 45203 | Vaults:5 | Reached XP level 24. HP: 208/208 MP: 8/43
 45246 | Vaults:5 | Identified the ring of Towur {Fly rF+}
 45326 | Vaults:5 | Reached skill level 23 in Ice Magic
 45426 | Vaults:5 | Identified the +6 arbalest "Beastslayer" {vorpal, rElec
                  | Will- Stlth+}
 45466 | Vaults:5 | Got a silver rune of Zot
 45699 | Vaults:5 | Found Xaeseri Xios's Antique Armour Shop.
 45699 | Vaults:5 | Found Monutaac's Magic Scroll Shop.
 45707 | Vaults:5 | Bought a scroll of blinking for 105 gold pieces
 45707 | Vaults:5 | Bought a scroll of teleportation for 42 gold pieces
 46194 | Vaults:5 | Identified the ring of the Burgomaster {rC+ Int+6}
 46528 | Depths:1 | Entered Level 1 of the Depths
 46588 | Depths:1 | Found a gateway to Hell.
 46594 | Depths:1 | Found a one-way gateway to a ziggurat.
 46621 | Depths:1 | Found Wioss's Neck Hole.
 47046 | Depths:1 | Found Noasy's Fire Supplies.
 47469 | Depths:2 | Found a one-way gate leading to the halls of Pandemonium.
 48023 | Depths:2 | Reached skill level 10 in Transmutations
 48098 | Depths:2 | Identified the ring "Laobrir" {rF+ Will+++ Dex-3 Slay+5}
 48381 | Depths:2 | Identified the +5 shortbow of Qij Ett {venom, rF+}
 48406 | Depths:2 | Reached skill level 10 in Necromancy
 49076 | Slime:1  | Entered Level 1 of the Pits of Slime
 49098 | Slime:1  | Lost mutation: Your spells are a little harder to cast, but
                  | a little more powerful. [a shining eye]
 49147 | Slime:2  | Gained mutation: You do not regenerate when monsters are
                  | visible. [a shining eye]
 49292 | Slime:5  | Entered Level 5 of the Pits of Slime
 49296 | Slime:5  | Reached XP level 25. HP: 215/216 MP: 36/43
 49713 | Slime:5  | Noticed the Royal Jelly
 49720 | Slime:5  | Killed the Royal Jelly
 49758 | Slime:5  | Got the Lectures on Mutated Flames
 49760 | Slime:5  | Identified the ring "Cosch" {EV+4 Str+4 Slay+2}
 49777 | Slime:5  | Identified the +8 dagger of Giucre {vamp, rN+ MP-9 SInv}
 49797 | Slime:5  | Got a slimy rune of Zot
 49798 | Slime:5  | Identified the +2 chain mail "Ticsierches" {Dex+3 SInv}
 49846 | Slime:5  | Identified the +2 helmet "Johaw" {rC++ Regen+ MP-9}
 49882 | Slime:5  | Lost mutation: Your mind is very acute. (Int +8, Str/Dex
                  | -2) [potion of mutation]
 49882 | Slime:5  | Lost mutation: You do not regenerate when monsters are
                  | visible. [potion of mutation]
 49882 | Slime:5  | Lost mutation: You have a pair of small horns on your head.
                  | [potion of mutation]
 49882 | Slime:5  | Lost mutation: Your mind is acute. (Int +4, Str/Dex -1)
                  | [potion of mutation]
 49882 | Slime:5  | Gained mutation: You have a pair of small antennae on your
                  | head. [potion of mutation]
 49882 | Slime:5  | Gained mutation: You do not regenerate when monsters are
                  | visible. [potion of mutation]
 49882 | Slime:5  | Gained mutation: Your spells are a little harder to cast,
                  | but a little more powerful. [potion of mutation]
 49883 | Slime:5  | Lost mutation: You are agile. (Dex +4, Str/Int -1) [potion
                  | of mutation]
 49883 | Slime:5  | Lost mutation: You do not regenerate when monsters are
                  | visible. [potion of mutation]
 49883 | Slime:5  | Lost mutation: You have a pair of small antennae on your
                  | head. [potion of mutation]
 49883 | Slime:5  | Lost mutation: Your spells are a little harder to cast, but
                  | a little more powerful. [potion of mutation]
 49883 | Slime:5  | Gained mutation: You are agile. (Dex +4, Str/Int -1)
                  | [potion of mutation]
 49883 | Slime:5  | Gained mutation: You sometimes lose your temper in combat.
                  | [potion of mutation]
 49883 | Slime:5  | Gained mutation: You do not regenerate when monsters are
                  | visible. [potion of mutation]
 49883 | Slime:5  | Gained mutation: Your spells are a little easier to cast,
                  | but a little less powerful. [potion of mutation]
 49883 | Slime:5  | Gained mutation: You expend magic power (3 MP) to
                  | strengthen your wands. [potion of mutation]
 49883 | Slime:5  | Gained mutation: You have large cloven feet. [potion of
                  | mutation]
 49884 | Slime:5  | Lost mutation: You have large cloven feet. [potion of
                  | mutation]
 49884 | Slime:5  | Lost mutation: You are agile. (Dex +4, Str/Int -1) [potion
                  | of mutation]
 49884 | Slime:5  | Lost mutation: You expend magic power (3 MP) to strengthen
                  | your wands. [potion of mutation]
 49884 | Slime:5  | Lost mutation: Your spells are a little easier to cast, but
                  | a little less powerful. [potion of mutation]
 49884 | Slime:5  | Lost mutation: You do not regenerate when monsters are
                  | visible. [potion of mutation]
 49884 | Slime:5  | Lost mutation: You sometimes lose your temper in combat.
                  | [potion of mutation]
 49884 | Slime:5  | Gained mutation: You sometimes lose your temper in combat.
                  | [potion of mutation]
 49884 | Slime:5  | Gained mutation: Your body sometimes deteriorates upon
                  | taking damage. [potion of mutation]
 49884 | Slime:5  | Gained mutation: You are frail. (-10% HP) [potion of
                  | mutation]
 49884 | Slime:5  | Gained mutation: You have large cloven feet. [potion of
                  | mutation]
 49885 | Slime:5  | Lost mutation: You are frail. (-10% HP) [potion of
                  | mutation]
 49885 | Slime:5  | Lost mutation: Your body sometimes deteriorates upon taking
                  | damage. [potion of mutation]
 49885 | Slime:5  | Lost mutation: You have large cloven feet. [potion of
                  | mutation]
 49885 | Slime:5  | Lost mutation: You sometimes lose your temper in combat.
                  | [potion of mutation]
 49885 | Slime:5  | Gained mutation: Your mind is acute. (Int +4, Str/Dex -1)
                  | [potion of mutation]
 49885 | Slime:5  | Gained mutation: You occasionally shout uncontrollably at
                  | your foes. [potion of mutation]
 49885 | Slime:5  | Gained mutation: You have large cloven feet. [potion of
                  | mutation]
 50313 | Depths:3 | Noticed Parghit
 50642 | Depths:3 | Found a one-way gate to the infinite horrors of the Abyss.
 50682 | Depths:3 | Found a large runed translucent door.
 50683 | Depths:3 | Found a large runed translucent door.
 50685 | Depths:3 | Acquired 408 gold pieces
 50689 | Depths:3 | Found a large runed translucent door.
 50690 | Depths:3 | Found a large runed translucent door.
 50734 | Depths:3 | Noticed Vv
 50750 | Depths:3 | Killed Vv
 50777 | Depths:3 | Gained mutation: You occasionally lose the ability to drink
                  | potions when taking damage. [mutagenic glow]
 50823 | Depths:3 | Found a large runed translucent door.
 50837 | Depths:3 | Noticed a dread lich
 50844 | Depths:3 | Killed a dread lich
 50934 | Depths:3 | Found a large runed translucent door.
 50962 | Depths:3 | Got the Directory of the Crypt
 51219 | Depths:3 | Found a large runed translucent door.
 51220 | Depths:3 | Found a large runed translucent door.
 51289 | Depths:3 | Found a hide-covered altar of Uskayaw.
 51765 | Depths:3 | Learned a level 8 spell: Necromutation
 51797 | Depths:4 | Entered Level 4 of the Depths
 51877 | Depths:4 | Reached skill level 15 in Transmutations
 52046 | Depths:4 | Found a gate to the Realm of Zot.
 52240 | Depths:4 | Identified the +3 morningstar of the Mashing Gods {freeze,
                  | rN+ Will- Dex+3}
 53064 | Vaults:5 | Bought spiked swamp dragon scales for 2365 gold pieces
 53064 | Vaults:5 | Identified the +1 swamp dragon scales "Teobaguseo" {rPois
                  | Str+4 Int+4} (You bought it in a shop on level 5 of the
                  | Vaults)
 53462 | Elf:2    | Bought a manual of Dodging for 1360 gold pieces
 53582 | Orc:2    | Bought a potion of curing for 39 gold pieces
 53582 | Orc:2    | Bought a potion of brilliance for 52 gold pieces
 53582 | Orc:2    | Bought a potion of curing for 39 gold pieces
 54138 | Zot:1    | Entered Level 1 of the Realm of Zot
 54138 | Zot:1    | Noticed an orb of fire
 54201 | Zot:1    | Killed an orb of fire
 54202 | Zot:1    | Reached XP level 26. HP: 221/224 MP: 28/43
 54358 | Zot:1    | Found a runed translucent gate.
 54358 | Zot:1    | Found a runed translucent gate.
 54415 | Zot:1    | Noticed an orb of fire
 54424 | Zot:1    | Killed an orb of fire
 55152 | Zot:1    | Noticed an orb of fire
 55165 | Zot:1    | Killed an orb of fire
 55533 | Zot:1    | Found a runed translucent gate.
 55538 | Zot:1    | Noticed logorrheac's ghost (legendary GnWn)
 55554 | Zot:1    | Killed logorrheac's ghost
 55561 | Zot:1    | Identified the amulet "Uraq" {RegenMP Fly rElec rPois
                  | Regen+}
 55579 | Zot:1    | Identified the +7 demon whip of Crusades {flame, *Rage
                  | rPois Int+4}
 56463 | Vaults:5 | Bought a scroll of teleportation for 63 gold pieces
 56463 | Vaults:5 | Bought a potion of mutation for 168 gold pieces
 56463 | Vaults:5 | Bought a scroll of silence for 199 gold pieces
 56576 | Vaults:2 | Bought a potion of curing for 33 gold pieces
 56576 | Vaults:2 | Bought 2 potions of curing for 66 gold pieces
 56576 | Vaults:2 | Bought 2 potions of curing for 66 gold pieces
 56576 | Vaults:2 | Bought 2 potions of curing for 66 gold pieces
 56576 | Vaults:2 | Bought a potion of curing for 33 gold pieces
 57035 | Zot:2    | Reached skill level 15 in Necromancy
 57130 | Zot:2    | Upgraded the game from 0.30-a0-269-gf0224bf7b6 to
                  | 0.30-a0-272-gf98c3da03f
 57199 | Zot:2    | Noticed an orb of fire
 57210 | Zot:2    | Gained mutation: Your body sometimes deteriorates upon
                  | taking damage. [an orb of fire]
 57211 | Zot:2    | Gained mutation: You are frail. (-10% HP) [an orb of fire]
 57218 | Zot:1    | Lost mutation: You have large cloven feet. [potion of
                  | mutation]
 57218 | Zot:1    | Lost mutation: You are frail. (-10% HP) [potion of
                  | mutation]
 57218 | Zot:1    | Lost mutation: Your mind is acute. (Int +4, Str/Dex -1)
                  | [potion of mutation]
 57218 | Zot:1    | Lost mutation: You occasionally lose the ability to drink
                  | potions when taking damage. [potion of mutation]
 57218 | Zot:1    | Gained mutation: You are vulnerable to heat. (rF-) [potion
                  | of mutation]
 57218 | Zot:1    | Lost mutation: You are vulnerable to heat. (rF-) [potion of
                  | mutation]
 57218 | Zot:1    | Gained mutation: You expend magic power (3 MP) to
                  | strengthen your wands. [potion of mutation]
 57219 | Zot:1    | Lost mutation: Your body sometimes deteriorates upon taking
                  | damage. [potion of mutation]
 57219 | Zot:1    | Lost mutation: You expend magic power (3 MP) to strengthen
                  | your wands. [potion of mutation]
 57219 | Zot:1    | Lost mutation: You occasionally shout uncontrollably at
                  | your foes. [potion of mutation]
 57219 | Zot:1    | Gained mutation: Your magical capacity is low. (-10% MP)
                  | [potion of mutation]
 57219 | Zot:1    | Gained mutation: You are partially covered in iridescent
                  | scales. (AC +2) [potion of mutation]
 57219 | Zot:1    | Gained mutation: Your flesh is cold resistant. (rC+)
                  | [potion of mutation]
 57220 | Zot:1    | Lost mutation: Your magical capacity is low. (-10% MP)
                  | [potion of mutation]
 57220 | Zot:1    | Lost mutation: Your flesh is cold resistant. (rC+) [potion
                  | of mutation]
 57220 | Zot:1    | Lost mutation: You are partially covered in iridescent
                  | scales. (AC +2) [potion of mutation]
 57220 | Zot:1    | Gained mutation: You possess an exceptional clarity of
                  | mind. [potion of mutation]
 57220 | Zot:1    | Gained mutation: Your tail ends in a venomous barb. [potion
                  | of mutation]
 57220 | Zot:1    | Gained mutation: Your spells are a little easier to cast,
                  | but a little less powerful. [potion of mutation]
 57220 | Zot:1    | Gained mutation: You are partially covered in iridescent
                  | scales. (AC +2) [potion of mutation]
 57220 | Zot:1    | Gained mutation: You have sharp toenails. [potion of
                  | mutation]
 57221 | Zot:1    | Lost mutation: Your tail ends in a venomous barb. [potion
                  | of mutation]
 57221 | Zot:1    | Lost mutation: You are partially covered in iridescent
                  | scales. (AC +2) [potion of mutation]
 57221 | Zot:1    | Lost mutation: Your spells are a little easier to cast, but
                  | a little less powerful. [potion of mutation]
 57221 | Zot:1    | Lost mutation: You have sharp toenails. [potion of
                  | mutation]
 57221 | Zot:1    | Gained mutation: You occasionally lose the ability to read
                  | scrolls when taking damage. [potion of mutation]
 57221 | Zot:1    | Gained mutation: You are frail. (-10% HP) [potion of
                  | mutation]
 57221 | Zot:1    | Gained mutation: Your spells are a little harder to cast,
                  | but a little more powerful. [potion of mutation]
 57221 | Zot:1    | Gained mutation: You have hidden genetic potential. [potion
                  | of mutation]
 57221 | Zot:1    | Gained mutation: You are vulnerable to heat. (rF-) [potion
                  | of mutation]
 57221 | Zot:1    | Gained mutation: You are covered in fur. (AC +1) [potion of
                  | mutation]
 57222 | Zot:1    | Lost mutation: You are frail. (-10% HP) [potion of
                  | mutation]
 57222 | Zot:1    | Lost mutation: You have hidden genetic potential. [potion
                  | of mutation]
 57222 | Zot:1    | Lost mutation: You are covered in fur. (AC +1) [potion of
                  | mutation]
 57222 | Zot:1    | Lost mutation: You occasionally lose the ability to read
                  | scrolls when taking damage. [potion of mutation]
 57222 | Zot:1    | Gained mutation: You are clumsy. (Dex -2) [potion of
                  | mutation]
 57222 | Zot:1    | Lost mutation: You are clumsy. (Dex -2) [potion of
                  | mutation]
 57222 | Zot:1    | Gained mutation: You occasionally lose the ability to read
                  | scrolls when taking damage. [potion of mutation]
 57222 | Zot:1    | Gained mutation: A frigid envelope surrounds you and
                  | freezes all who hurt you. [potion of mutation]
 57222 | Zot:1    | Gained mutation: You have a pair of small horns on your
                  | head. [potion of mutation]
 57222 | Zot:1    | Gained mutation: You have large cloven feet. [potion of
                  | mutation]
 57223 | Zot:1    | Lost mutation: You occasionally lose the ability to read
                  | scrolls when taking damage. [potion of mutation]
 57223 | Zot:1    | Lost mutation: You have a pair of small horns on your head.
                  | [potion of mutation]
 57223 | Zot:1    | Lost mutation: You are vulnerable to heat. (rF-) [potion of
                  | mutation]
 57223 | Zot:1    | Lost mutation: You possess an exceptional clarity of mind.
                  | [potion of mutation]
 57223 | Zot:1    | Lost mutation: Your spells are a little harder to cast, but
                  | a little more powerful. [potion of mutation]
 57223 | Zot:1    | Lost mutation: A frigid envelope surrounds you and freezes
                  | all who hurt you. [potion of mutation]
 57223 | Zot:1    | Gained mutation: Your movements are slightly less
                  | encumbered by armour. (ER -2) [potion of mutation]
 57270 | Zot:2    | Killed an orb of fire
 57413 | Zot:2    | You are sucked into a shaft and drop 2 floors!
 57659 | Zot:2    | Reached XP level 27. HP: 144/231 MP: 27/43
 57963 | Zot:3    | Identified the +3 chain mail of the Enchanting Gods {rN+
                  | Stlth+}
 58543 | Zot:4    | Identified the +0 robe of Viprunuh {Int+2}
 58653 | Zot:4    | Found Ruvuad's Changing Room.
 58664 | Zot:4    | Bought a potion of mutation for 80 gold pieces
 59032 | Zot:5    | Entered Level 5 of the Realm of Zot
 59510 | Zot:5    | Learned a level 4 spell: Passage of Golubria
 59559 | Zot:5    | Noticed an orb of fire
 59563 | Zot:5    | Noticed an orb of fire
 59564 | Zot:5    | Noticed an orb of fire
 59567 | Zot:5    | Noticed an orb of fire
 59570 | Zot:5    | Noticed an orb of fire
 59638 | Zot:5    | Killed an orb of fire
 59647 | Zot:5    | Lost dexterity.
 59653 | Zot:5    | Reached skill level 10 in Dodging
 59658 | Zot:5    | Gained mutation: Potions are less effective at restoring
                  | your health. [an orb of fire]
 59658 | Zot:5    | Gained mutation: You are partially covered in iridescent
                  | scales. (AC +2) [an orb of fire]
 60216 | Crypt:1  | Entered Level 1 of the Crypt
 61194 | Crypt:2  | Reached skill level 5 in Fire Magic
 61482 | Crypt:2  | Identified the +11 short sword of the Briny Deep {elec,
                  | Int+3}
 61540 | Crypt:3  | Entered Level 3 of the Crypt
 62156 | Crypt:3  | Found a basalt altar of Yredelemnul.
 62159 | Crypt:3  | Noticed a dread lich
 62167 | Crypt:3  | Killed a dread lich
 62292 | Crypt:3  | Upgraded the game from 0.30-a0-272-gf98c3da03f to
                  | 0.30-a0-292-g0f741e3f8e
 62548 | Crypt:3  | Found the +7 great mace "Undeadhunter" {disrupt, rN+}
 62550 | Crypt:3  | Found a staircase to the Tomb.
 62986 | Depths:1 | Killed Parghit
 63055 | Depths:3 | Voluntarily entered the Abyss.
 63092 | Abyss:3  | Found a corrupted altar of Lugonu.
 63128 | Abyss:3  | Reached skill level 10 in Fire Magic
 63141 | Abyss:5  | Noticed a dread lich
 63145 | Abyss:5  | Got an abyssal rune of Zot
 63149 | Abyss:5  | Killed a dread lich
 63154 | Depths:3 | Escaped the Abyss
 63327 | Zot:5    | Gained mutation: You occasionally lose the ability to drink
                  | potions when taking damage. [an orb of fire]
 63332 | Zot:5    | Killed an orb of fire
 63337 | Zot:4    | Lost mutation: You occasionally lose the ability to drink
                  | potions when taking damage. [potion of mutation]
 63337 | Zot:4    | Lost mutation: You have large cloven feet. [potion of
                  | mutation]
 63337 | Zot:4    | Lost mutation: Your movements are slightly less encumbered
                  | by armour. (ER -2) [potion of mutation]
 63337 | Zot:4    | Lost mutation: You are partially covered in iridescent
                  | scales. (AC +2) [potion of mutation]
 63337 | Zot:4    | Lost mutation: Potions are less effective at restoring your
                  | health. [potion of mutation]
 63337 | Zot:4    | Gained mutation: Your mind is acute. (Int +4, Str/Dex -1)
                  | [potion of mutation]
 63337 | Zot:4    | Gained mutation: You are weak. (Str -2) [potion of
                  | mutation]
 63337 | Zot:4    | Gained mutation: Your magical capacity is low. (-10% MP)
                  | [potion of mutation]
 63337 | Zot:4    | Gained mutation: You occasionally shout uncontrollably at
                  | your foes. [potion of mutation]
 63337 | Zot:4    | Gained mutation: You are frail. (-10% HP) [potion of
                  | mutation]
 63337 | Zot:4    | Gained mutation: You are occasionally teleported next to
                  | monsters. [potion of mutation]
 63337 | Zot:4    | Gained mutation: Your system is resistant to poisons.
                  | (rPois) [potion of mutation]
 63338 | Zot:4    | Lost mutation: You are weak. (Str -2) [potion of mutation]
 63338 | Zot:4    | Lost mutation: Your system is resistant to poisons. (rPois)
                  | [potion of mutation]
 63338 | Zot:4    | Lost mutation: Your magical capacity is low. (-10% MP)
                  | [potion of mutation]
 63338 | Zot:4    | Lost mutation: You are frail. (-10% HP) [potion of
                  | mutation]
 63338 | Zot:4    | Lost mutation: Your mind is acute. (Int +4, Str/Dex -1)
                  | [potion of mutation]
 63338 | Zot:4    | Lost mutation: You occasionally shout uncontrollably at
                  | your foes. [potion of mutation]
 63338 | Zot:4    | Gained mutation: Your system is resistant to poisons.
                  | (rPois) [potion of mutation]
 63338 | Zot:4    | Gained mutation: Your flesh is cold resistant. (rC+)
                  | [potion of mutation]
 63338 | Zot:4    | Gained mutation: You have sharp toenails. [potion of
                  | mutation]
 63339 | Zot:4    | Lost mutation: You are occasionally teleported next to
                  | monsters. [potion of mutation]
 63339 | Zot:4    | Lost mutation: Your flesh is cold resistant. (rC+) [potion
                  | of mutation]
 63339 | Zot:4    | Lost mutation: Your system is resistant to poisons. (rPois)
                  | [potion of mutation]
 63339 | Zot:4    | Lost mutation: You have sharp toenails. [potion of
                  | mutation]
 63339 | Zot:4    | Gained mutation: Your magical capacity is low. (-10% MP)
                  | [potion of mutation]
 63339 | Zot:4    | Gained mutation: Your muscles are strong. (Str +4, Int/Dex
                  | -1) [potion of mutation]
 63339 | Zot:4    | Gained mutation: Your spells are a little easier to cast,
                  | but a little less powerful. [potion of mutation]
 63339 | Zot:4    | Gained mutation: You are covered in fur. (AC +1) [potion of
                  | mutation]
 63339 | Zot:4    | Gained mutation: You expend magic power (3 MP) to
                  | strengthen your wands. [potion of mutation]
 63340 | Zot:4    | Lost mutation: You are covered in fur. (AC +1) [potion of
                  | mutation]
 63340 | Zot:4    | Lost mutation: Your muscles are strong. (Str +4, Int/Dex
                  | -1) [potion of mutation]
 63340 | Zot:4    | Lost mutation: Your spells are a little easier to cast, but
                  | a little less powerful. [potion of mutation]
 63340 | Zot:4    | Lost mutation: Your magical capacity is low. (-10% MP)
                  | [potion of mutation]
 63340 | Zot:4    | Lost mutation: You expend magic power (3 MP) to strengthen
                  | your wands. [potion of mutation]
 63340 | Zot:4    | Gained mutation: You are weak. (Str -2) [potion of
                  | mutation]
 63340 | Zot:4    | Gained mutation: You have a beak for a mouth. [potion of
                  | mutation]
 63340 | Zot:4    | Gained mutation: Your magical capacity is low. (-10% MP)
                  | [potion of mutation]
 63340 | Zot:4    | Gained mutation: You are clumsy. (Dex -2) [potion of
                  | mutation]
 63340 | Zot:4    | Gained mutation: You are partially covered in iridescent
                  | scales. (AC +2) [potion of mutation]
 63341 | Zot:4    | Lost mutation: You have a beak for a mouth. [potion of
                  | mutation]
 63341 | Zot:4    | Lost mutation: Your magical capacity is low. (-10% MP)
                  | [potion of mutation]
 63341 | Zot:4    | Lost mutation: You are weak. (Str -2) [potion of mutation]
 63341 | Zot:4    | Lost mutation: You are clumsy. (Dex -2) [potion of
                  | mutation]
 63341 | Zot:4    | Gained mutation: Your spells are a little harder to cast,
                  | but a little more powerful. [potion of mutation]
 63341 | Zot:4    | Gained mutation: Your tail ends in a venomous barb. [potion
                  | of mutation]
 63341 | Zot:4    | Gained mutation: Your muscles are strong. (Str +4, Int/Dex
                  | -1) [potion of mutation]
 63356 | Zot:4    | Acquired the +4 barding "Lotayt" {MP+9 Dex+4 Slay+6}
 63842 | Elf:2    | Acquired 339 gold pieces
 63844 | Elf:2    | Bought the ring of Cifre {rCorr Int+2 Dex+8} for 624 gold
                  | pieces
 64364 | Zot:5    | Noticed an ancient lich
 64367 | Zot:5    | Killed an orb of fire
 64374 | Zot:5    | Noticed a dread lich
 64376 | Zot:5    | Killed an ancient lich
 64388 | Zot:5    | Killed a dread lich
 64405 | Zot:5    | Noticed a dread lich
 64410 | Zot:5    | Killed an orb of fire
 64587 | Zot:5    | Killed an orb of fire
 64664 | Zot:5    | Killed a dread lich
 64697 | Zot:5    | Reached skill level 24 in Ice Magic
 65092 | Pan      | Entered the realm of Cerebov.
 65092 | Pan      | Entered Pandemonium
 65206 | Pan      | Found the +6 sword of Cerebov {flame}
 65206 | Pan      | Noticed Cerebov
 65227 | Pan      | Killed Cerebov
 65354 | Pan      | Learned a level 1 spell: Apportation
 65358 | Pan      | Got a fiery rune of Zot
 65399 | Pan      | Identified the ring "Cishrae" {*Slow Int+5 SInv}
 65401 | Pan      | Identified the amulet of the Six Geomancers {Acrobat rF+
                  | rN+ Dex+4}
 65442 | Pan      | Identified the ring of the Endless Expanse {Drain rF+ rN+
                  | Int+3}
 65464 | Pan      | Identified the +0 cloak "Yfesairph" {rElec rF- Will+ Dex+4}
 65559 | Pan      | Entered the realm of Lom Lobon.
 65876 | Pan      | Noticed Lom Lobon
 65917 | Pan      | Got a magical rune of Zot
 65957 | Pan      | Entered the realm of Gloorx Vloq.
 66139 | Pan      | Learned a level 8 spell: Ignition
 66154 | Pan      | Identified the +2 helmet "Zeonaide" {rF- Int+6}
 66203 | Pan      | Noticed Gloorx Vloq
 66217 | Pan      | Killed Gloorx Vloq
 66284 | Pan      | Got a dark rune of Zot
 66397 | Pan      | Noticed Baer the pandemonium lord
 66415 | Pan      | Killed Baer the pandemonium lord
 66486 | Pan      | Identified the ring "Obea" {Drain rC+ rN++ rCorr}
 66496 | Depths:2 | Escaped Pandemonium
 66539 | Zig:1    | Entered Level 1 of a ziggurat
 66555 | Zig:2    | Entered Level 2 of a ziggurat
 66584 | Zig:3    | Entered Level 3 of a ziggurat
 66588 | Zig:3    | Found the brooch of Shielding {Spirit SH+8}
 66605 | Zig:4    | Entered Level 4 of a ziggurat
 66608 | Zig:4    | Noticed Vawk the pandemonium lord
 66614 | Zig:4    | Killed Vawk the pandemonium lord
 66663 | Zig:5    | Entered Level 5 of a ziggurat
 66667 | Zig:5    | Noticed Fon Zuby the pandemonium lord
 66676 | Zig:5    | Identified the +4 robe "Sedwatsi" {Will+ MP+9 Dex+3 Slay+2}
 66681 | Zig:5    | Killed Fon Zuby the pandemonium lord
 66742 | Zig:6    | Entered Level 6 of a ziggurat
 66768 | Zig:6    | Identified the +4 mace of the Salmon {antimagic, Fly rPois
                  | Str+2 Dex-4}
 66784 | Zig:7    | Entered Level 7 of a ziggurat
 66800 | Zig:7    | Identified the ring "Jixargh" {rPois rF++ Dex+6}
 66825 | Zig:8    | Entered Level 8 of a ziggurat
 66829 | Zig:8    | Noticed Jamuczyo the pandemonium lord
 66834 | Zig:8    | Reached skill level 15 in Fire Magic
 66836 | Zig:8    | Killed Jamuczyo the pandemonium lord
 66876 | Zig:9    | Entered Level 9 of a ziggurat
 66891 | Zig:9    | Identified the ring of Ziezif {rN+ Dex+2}
 66982 | Zig:10   | Entered Level 10 of a ziggurat
 67049 | Zig:11   | Entered Level 11 of a ziggurat
 67057 | Zig:11   | Found the +3 hat of Pondering {ponderous, Will+ MP+10
                  | Int+5}
 67058 | Zig:11   | Noticed a juggernaut
 67058 | Zig:11   | Noticed a juggernaut
 67063 | Zig:11   | Killed a juggernaut
 67064 | Zig:11   | Killed a juggernaut
 67087 | Zig:11   | Identified the +6 arbalest of the Keeping Sybil {elec,
                  | Will+ rCorr Int+4}
 67092 | Zig:12   | Entered Level 12 of a ziggurat
 67097 | Zig:12   | Noticed an orb of fire
 67100 | Zig:12   | Noticed an orb of fire
 67103 | Zig:12   | Killed an orb of fire
 67110 | Zig:12   | Killed an orb of fire
 67114 | Zig:12   | Found the +5 glaive of the Guard {elec, spectral, AC+5}
 67134 | Zig:12   | Got New Qur's Collected Works on Air
 67158 | Zig:13   | Entered Level 13 of a ziggurat
 67169 | Zig:13   | Found the +3 giant club "Skullcrusher" {speed, Str+7}
 67184 | Zig:13   | Identified the +4 dagger "Dragonslayer" {pain, Will++ Int+3
                  | Dex+3}
 67273 | Zig:14   | Entered Level 14 of a ziggurat
 67303 | Zig:14   | Identified the ring of Sunlight {EV+4 Str+8}
 67308 | Zig:14   | Got the Vellum of Fulgurant Sidekicks
 67341 | Zig:15   | Entered Level 15 of a ziggurat
 67354 | Zig:15   | Found the dreamshard necklace {*Dream Drain}
 67371 | Zig:15   | Identified the ring "Satujuga" {rC+ rN+ Int+3}
 67387 | Zig:15   | Reached skill level 15 in Conjurations
 67428 | Zig:16   | Entered Level 16 of a ziggurat
 67435 | Zig:16   | Noticed Cicwyr the pandemonium lord
 67435 | Zig:16   | Noticed Hobluh the pandemonium lord
 67435 | Zig:16   | Noticed Jeegiu the pandemonium lord
 67439 | Zig:16   | Noticed Faobloud the pandemonium lord
 67440 | Zig:16   | Noticed Xeqaomen the pandemonium lord
 67441 | Zig:16   | Killed Hobluh the pandemonium lord
 67442 | Zig:16   | Killed Cicwyr the pandemonium lord
 67443 | Zig:16   | Killed Jeegiu the pandemonium lord
 67445 | Zig:16   | Noticed Wocve the pandemonium lord
 67449 | Zig:16   | Killed Xeqaomen the pandemonium lord
 67453 | Zig:16   | Killed Wocve the pandemonium lord
 67454 | Zig:16   | Killed Faobloud the pandemonium lord
 67455 | Zig:16   | Found the +4 moon troll leather armour {Spirit, Regen++
                  | MP+5}
 67538 | Zig:16   | Learned a level 9 spell: Fire Storm
 67558 | Zig:17   | Entered Level 17 of a ziggurat
 67562 | Zig:17   | Noticed Mathrunt the pandemonium lord
 67565 | Zig:17   | Noticed Hoipn the pandemonium lord
 67568 | Zig:17   | Noticed Udeohahabe the pandemonium lord
 67568 | Zig:17   | Noticed Xiejiqad the pandemonium lord
 67571 | Zig:17   | Noticed Henedaub the pandemonium lord
 67578 | Zig:17   | Killed from afar by a Killer Klown

Illustrated notes

Levels and vault maps discovered:
D:1:      wander_arrival_chamber, layout_basic
D:2:      layout_loops_corners
D:3:      layout_basic, mainiacjoe_overflow_alcove_2, grunt_ashenzari_visionary
          [grunt_ashenzari_visionary_shoals, grunt_ashenzari_visionary_snake]
D:4:      layout_basic, lemuel_round_altar, uniq_eustachio
D:5:      layout_loops_ring, trog_ov_bears_minmay, lemuel_temple_firewalk_b,
          gammafunk_ghost_split, minmay_misc_feat_rugged, st_stairs_6
D:6:      layout_basic, mainiacjoe_overflow_small_starburst,
          overflow_temple_1_default, uniq_pikel
D:7:      layout_basic, mainiacjoe_overflow_chevrons, serial_shops,
          kennysheep_mini_moat
D:8:      layout_cave_pods, mainiacjoe_overflow_alcove_1, enter_bailey_3,
          serial_column_ruins, column_ruins_square_medium,
          column_ruins_square_medium, column_ruins_grid_1,
          column_ruins_open_tiny, column_ruins_open_small,
          column_ruins_open_tiny, column_ruins_columns_T
D:9:      minmay_skewed_foursquare, layout_grid_maze, tso_oasis_becter,
          mainiacjoe_overflow_catwalk, erik_lair_island, orc_0_dummy
D:10:     layout_long_grid, mainiacjoe_overflow_paths, xom_shifter_show,
          nicolae_trove_entry_isolated, serial_glass, glass_columns_c,
          glass_columns_c, due_unseen_surprise, minmay_strange_pillars,
          item_on_display_b, minmay_strange_pillars, dreamdust_princess_bridge,
          hangedman_tell_no_tales
D:11:     layout_irregular_city, cheibriados_altar_1
D:12:     layout_loops_ring, gammafunk_ghost_grave
D:13:     layout_cave_pools, uniq_erolcha
D:14:     layout_roguey, david_vaults_5, serial_park_tiny_pond,
          grunt_ministairs_4
D:15:     grunt_enter_depths_hoard, layout_long_grid,
          nicolae_qazlal_style_of_elements
Lair:1:   layout_regular_city, nicolae_lair_lakeside_cave
Lair:2:   layout_small_grid, minmay_snake_entry_guardpost_small,
          gauntlet_entry_generic, serial_bayou_shore_b, grunt_megastairs_3
Lair:3:   layout_cave_pods, minmay_shoals_entry_beasts
Lair:4:   layout_concentric_octagons, minmay_slime_entry_oklob_enclosed,
          kennysheep_basilisk_garden
Lair:5:   hangedman_lair_tendril_chambers, layout_hall_layers,
          guppyfry_lair_end_dragon, serial_bayou, serial_bayou_pond_a,
          serial_bayou_shore_b, serial_bayou_shore_b, serial_bayou_lagoon_a,
          portal_ice_cave_entry_pillars_1
Shoals:1: layout_shoals, nicolae_shoals_drake_roost, uniq_jorgrun
Shoals:2: argonaut_golden_fleece, layout_shoals, uniq_donald
Shoals:3: layout_shoals, nicolae_shoals_stone_sculpture_thing
Shoals:4: shoals_end_grunt_ice, layout_shoals, hangedman_shoals_cup_caves,
          uniq_louise
Snake:1:  layout_chambers, st_stairs_11, nicolae_snake_bzzzt
Snake:2:  layout_concentric_octagons, serial_shops,
          nicolae_shop_bloodbath_and_beyond, grunt_megastairs_4, uniq_frances
Snake:3:  layout_chambers, minmay_shop_star, uniq_asterion
Snake:4:  grunt_snake_rune_pools, layout_misc_corridors
Slime:1:  layout_caves
Slime:2:  layout_caves
Slime:3:  layout_caves
Slime:4:  layout_caves
Slime:5
Orc:1:    layout_diamond_mine, serial_shops, shop, gammafunk_ghost_smash,
          basic_altar
Orc:2:    st_orc_pillars, layout_diamond_mine, serial_shops,
          nicolae_diamond_shop, maelrawn_ghost_gauntlet_escape
Elf:1:    eino_elf_arrival_sip, layout_loops_corners, serial_shops, shop,
          minivault_28, lemuel_upstairs_altar, uniq_nikola, uniq_agnes
Elf:2:    nicolae_elf_blades_splatter_lattice
          [nicolae_blade_entry_area_security], layout_gridlike,
          minmay_shop_grove
Elf:3:    minmay_elf_hall_four_x, layout_gridlike, serial_shops,
          nicolae_shop_hallway_stairs
Vaults:1: nicolae_vaults_big_ls, v_misc_25, hangedman_vaults_restitches,
          v_alt_pattern_5, ontoclasm_vaults_misaligned, v_misc_17,
          nicolae_vaults_shelves_hall, v_pattern_1, ontoclasm_vaults_shout,
          nicolae_vaults_big_angled_halls, layout_vaults_omnicross
Vaults:2: minmay_crypt_entry_simple_round, hangedman_vaults_stitches,
          hangedman_vaults_slice, nicolae_vaults_network_quinsquares
          [nicolae_vaults_network_quincunx_subvault,
          nicolae_vaults_network_quincunx_subvault,
          nicolae_vaults_network_quincunx_subvault,
          nicolae_vaults_network_quincunx_subvault],
          vaults_mumra_minichess_inversion, v_misc_9,
          vaults_dpeg_emergency_exit, ontoclasm_vaults_eye,
          nicolae_vaults_ring_of_whatevers, st_eye, layout_vaults_omnibox,
          serial_shops, nicolae_shop_crystal, uniq_xtahua, uniq_frederick
Vaults:3: ontoclasm_vaults_spin, nicolae_vaults_little_squares_5,
          ontoclasm_vaults_twist, nicolae_vaults_little_squares_2,
          nicolae_vaults_circle_grid_a, hangedman_vaults_slice,
          ontoclasm_vaults_claustrophobia, hangedman_vaults_capsules, v_misc_14,
          ontoclasm_vaults_fault, vaults_mumra_chevron_long,
          hangedman_vaults_restitches, vaults_standard_mumra_enter_the_diamond,
          vaults_dpeg_hooks, layout_vaults_ring
Vaults:4: nicolae_vaults_theta, vaults_room_grid, nicolae_vaults_back_hallway,
          vaults_room_pool, vaults_standard_mumra_lines, v_pattern_4,
          hangedman_vaults_cutoff, nicolae_vaults_display_case,
          layout_vaults_omnigrid
Vaults:5: serial_shops, uniq_boris
Crypt:1:  layout_chaotic_city, grunt_crypt_arrival_split
Crypt:2:  layout_gridlike, minmay_misc_feat_cross
Crypt:3:  cryptofortress_bobbens
Depths:1: layout_forbidden_donut, enter_ziggurat_f, hell_entry,
          minmay_misc_feat_four_crosses, grunt_ministairs_13, st_stairs_2,
          moated_statue, nicolae_shop_fire_sale [nicolae_sub_dead_trees],
          small_chamber_with_monster, nicolae_shop_sticking_my_neck_out
Depths:2: grunt_runaround [grunt_runaround_doors_1, grunt_runaround_doors_2,
          grunt_runaround_doors_3, grunt_runaround_doors_4,
          grunt_runaround_loot], serial_shops, pan_entry, hell_entry
Depths:3: minmay_five_octagons, layout_gridlike, pf_coc_iceberg, special_room
          [special_room_morgue], abyss_entry_glasseish, nicolae_danse_macabre,
          minmay_staircase_statues, uniq_vv, uniq_parghit
Depths:4: grunt_x_marks_the_spot, layout_cave_shapes, hell_entry
Zot:1:    layout_gridlike, gammafunk_ghost_ooze
Zot:2:    layout_misc_corridors, lemuel_elevator
Zot:3:    layout_misc_corridors, st_stairs_11
Zot:4:    layout_basic, nicolae_transmutations_shop
Zot:5:    layout_concentric_octagons, hangedman_zot_decor_slant,
          grunt_ministairs_5
Zig:17

Skill      XL: |  1  2  3  4  5  6  7  8  9 10 11 12 13 14 15 16 17 18 19 20 21 22 23 24 25 26 27 |
---------------+----------------------------------------------------------------------------------+-----
Necromancy     | 1 2 3 6 10 13 16 17 | 17.4
Transmutations | 1 4 6 7 8 11 15 18 19 | 19.4
Evocations     | 1 2 4 6 8 |  8.0
Translocations | 3 4 6 |  6.0
Conjurations   | 3 4 6 7 8 12 13 18 | 18.8
Spellcasting   | 2 4 8 10 11 12 13 16 18 | 18.0
Fighting       | 2 4 8 9 12 | 12.0
Air Magic      | 2 5 6 |  6.0
Poison Magic   | 2 5 6 |  6.0
Fire Magic     | 3 20 | 20.0
Ice Magic      | 7 9 12 14 15 18 21 22 23 24 | 24.0
Stealth        | 6 10 | 10.0
Dodging        | 3 5 12 | 12.0
Armour         | 4 7 |  7.0
Shields        | 6 |  6.0
Maces & Flails | |  2.6

Action                   |  1- 3 |  4- 6 |  7- 9 | 10-12 | 13-15 | 16-18 | 19-21 | 22-24 | 25-27 || total
-------------------------+-------+-------+-------+-------+-------+-------+-------+-------+-------++-------
Melee: Mace              |    88 |    10 |       |       |       |       |       |       |       ||    98
       Tailslap          |    12 |     3 |    23 |    20 |     7 |     2 |     4 |    15 |    31 ||   117
       Punch             |     1 |       |     4 |     1 |       |       |       |       |       ||     6
       Whip              |       |    15 |    99 |       |       |       |       |       |       ||   114
       Spear             |       |     3 |       |       |       |       |       |       |       ||     3
       Dagger            |       |       |    45 |    41 |       |       |       |       |       ||    86
       Staff             |       |       |    10 |    51 |    27 |    18 |    29 |    60 |   147 ||   342
       Short sword       |       |       |       |    18 |       |       |       |       |       ||    18
       Headbutt          |       |       |       |       |     6 |     2 |    11 |    23 |     1 ||    43
       Kick              |       |       |       |       |       |       |       |       |    50 ||    50
Throw: Dart              |       |     7 |     4 |       |       |       |       |       |       ||    11
 Cast: Kiss of Death     |     3 |     1 |     3 |       |       |       |       |       |       ||     7
       Momentum Strike   |     1 |     6 |    19 |    13 |     3 |       |       |       |       ||    42
       Shock             |       |       |    81 |    22 |     2 |       |       |       |       ||   105
       Poisonous Vapours |       |       |   132 |   247 |    58 |     9 |     2 |       |       ||   448
       Mephitic Cloud    |       |       |    10 |     5 |       |       |       |       |       ||    15
       Blink             |       |       |     5 |       |     5 |     2 |     1 |       |     6 ||    19
       Ignite Poison     |       |       |       |    93 |    30 |     7 |   100 |    68 |    12 ||   310
       Kindle Blastspark |       |       |       |    15 |    47 |       |       |       |       ||    62
       Iskenderun's Myst |       |       |       |    25 |    88 |    36 |    33 |    14 |    39 ||   235
       Sublimation of Bl |       |       |       |    48 |    93 |    88 |   224 |   119 |    54 ||   626
       Freezing Cloud    |       |       |       |       |    54 |    22 |    11 |       |       ||    87
       Irradiate         |       |       |       |       |    13 |    12 |    28 |    38 |    90 ||   181
       Ozocubu's Refrige |       |       |       |       |     4 |    80 |   274 |   107 |    72 ||   537
       Orb of Destructio |       |       |       |       |       |     4 |    41 |    34 |    38 ||   117
       Olgreb's Toxic Ra |       |       |       |       |       |       |   164 |   108 |    18 ||   290
       Polar Vortex      |       |       |       |       |       |       |       |   128 |   286 ||   414
       Ozocubu's Armour  |       |       |       |       |       |       |       |     4 |       ||     4
       Necromutation     |       |       |       |       |       |       |       |       |    79 ||    79
       Ignition          |       |       |       |       |       |       |       |       |    34 ||    34
       Passage of Golubr |       |       |       |       |       |       |       |       |     4 ||     4
       Fire Storm        |       |       |       |       |       |       |       |       |     1 ||     1
       Apportation       |       |       |       |       |       |       |       |       |     1 ||     1
 Abil: End Transformatio |       |       |       |       |       |       |       |       |    15 ||    15
Evoke: Wand              |     1 |     8 |     7 |     4 |     4 |     2 |     1 |     8 |    29 ||    64
       Tin of tremorston |       |       |       |       |     2 |     1 |       |     1 |     4 ||     8
       Phial of floods   |       |       |       |       |       |       |     1 |       |       ||     1
       Phantom mirror    |       |       |       |       |       |       |       |     1 |     4 ||     5
       Condenser vane    |       |       |       |       |       |       |       |       |     1 ||     1
  Use: Scroll            |     5 |     1 |     5 |     5 |    10 |     9 |     9 |     2 |    22 ||    68
       Potion            |       |       |     2 |     5 |     2 |     1 |     1 |     5 |    43 ||    59
 Stab: Confused          |       |       |     3 |     2 |       |       |       |       |       ||     5
Armor: Leather armour    |    32 |     4 |       |       |       |       |       |       |       ||    36
       Robe              |       |       |    54 |    61 |    81 |    34 |   137 |   132 |   616 ||  1115
       Acid dragon scale |       |       |       |    14 |       |       |       |       |       ||    14
Dodge: Dodged            |    54 |    20 |   243 |   184 |    84 |    33 |    83 |    88 |   261 ||  1050
Block: Buckler           |       |       |       |       |       |       |    11 |    54 |   244 ||   309

Table legend: (Time is in decaauts)
 A = Elapsed time spent in this place.
 B = Non-inter-level travel time spent in this place.
 C = Inter-level travel time spent in this place.
 D = Time resting spent in this place.
 E = Time spent auto-exploring this place.
 F = Levels seen in this place.
 G = Mean time per level.
                   A        B        C        D        E       F      G
               +--------+--------+--------+--------+--------+-----+--------+
         Total |  67921 |  57938 |   9983 |   6274 |  23177 |  84 |  808.6 |
       Dungeon |  17157 |  14474 |   2683 |   1963 |   6879 |  15 | 1143.8 |
          Lair |   5794 |   5030 |    764 |    196 |   2202 |   5 | 1158.8 |
        Shoals |   4023 |   3555 |    468 |      0 |   1435 |   4 | 1005.8 |
     Snake Pit |   4581 |   4216 |    365 |    183 |   2601 |   4 | 1145.2 |
    Slime Pits |    897 |    839 |     58 |    253 |      0 |   5 |  179.4 |
  Orcish Mines |   3260 |   2180 |   1080 |    357 |     17 |   2 | 1630.0 |
   Elven Halls |   4260 |   3770 |    490 |    366 |   1570 |   3 | 1420.0 |
        Vaults |   8996 |   7638 |   1358 |    620 |   3378 |   5 | 1799.2 |
         Crypt |   2545 |   2426 |    119 |     55 |   1250 |   3 |  848.3 |
        Depths |   6450 |   4602 |   1848 |    608 |   1943 |   4 | 1612.5 |
           Zot |   5280 |   4535 |    745 |    503 |   1587 |   5 | 1056.0 |
         Abyss |     97 |     97 |      0 |      0 |      0 |   5 |   19.4 |
   Pandemonium |   1405 |   1405 |      0 |    152 |      0 |   4 |  351.2 |
      Ziggurat |   1042 |   1042 |      0 |    367 |      0 |  17 |   61.3 |
        Bailey |    840 |    840 |      0 |    371 |    152 |   1 |  840.0 |
      Ice Cave |    803 |    803 |      0 |    280 |     59 |   1 |  803.0 |
      Gauntlet |    484 |    484 |      0 |      0 |    104 |   1 |  484.0 |
               +--------+--------+--------+--------+--------+-----+--------+

Top non-repeatable levels by time:
Vaults:5: 2923 daAuts
   Orc:2: 2492 daAuts
Depths:2: 2332 daAuts
     D:7: 2223 daAuts
     D:9: 2013 daAuts
Vaults:1: 1836 daAuts
   Zot:1: 1835 daAuts
Vaults:2: 1601 daAuts
Depths:3: 1554 daAuts
   Elf:2: 1483 daAuts
  Lair:2: 1473 daAuts
     D:6: 1469 daAuts
   Elf:3: 1455 daAuts
Vaults:4: 1419 daAuts
Depths:1: 1410 daAuts
